Cogmind - Beta 14 @@@ ROGUE MODE // 2024.08.23 @ 18:18:24 Player: Savant Result: Escaped singularity! Performance ------------- Evolutions (9) 4500 Regions Visited (36) 7200 Robots Destroyed (444) 2220 Value Destroyed (31712) 31712 Prototype IDs (295) 5900 Alien Tech Used (12) 2400 Bonus (69439) 69439 TOTAL SCORE: 123371 Bonus ------- High Alert Combat Kills 2154 Follower Combat Kills 16166 Built PL-3XN's Obliterator 1000 Entered Garrisons 1800 Used RIF Installer 6000 Network Hubs Disabled 400 Built Enhanced Grunts 300 A7 Reached Mainframe 300 Met R17 at Cetus 500 Found Hidden Lab 3000 Met R17 at Research 2000 Scanned by Researcher 500 Destroyed MAIN.C Guards 500 Met MAIN.C 5000 Destroyed MAIN.C Shell 5000 Destroyed MAIN.C 10000 Destroyed A8 300 Destroyed A6 400 Destroyed Architect 15000 Win 3000 Friendly Fire -3881 Cogmind --------- Core Integrity 678/1600 Matter 133/300 Energy 717/740 System Corruption 0% Temperature Cool (12) Movement Treading (143) Location Near Former Tau Ceti IV Parts ------- > --- POWER (3) -------- Improved Quantum Reactor Improved Quantum Reactor Zero-point Reactor > --- PROPULSION (6) --- Experimental Biometal Heavy Treads Experimental Biometal Heavy Treads High-density Centrium Heavy Treads > --- UTILITY (13) ----- Experimental Cooling System Huge Storage Unit Advanced Targeting Computer Experimental Targeting Computer Experimental Core Analyzer Precision Matter Filter Advanced Kinecellerator Experimental Weapon Cycler Centrium Linked Plating Experimental Powered Armor Experimental Force Field Microwarp Drive > --- WEAPON (4) ------- Modified Sigix Sheargun Heavy Hardcell Cannon Graviton Cannon > --- INVENTORY (27) --- Zero-point Reactor Advanced Heavy Siege Treads Desublimator Experimental Cooling System Advanced Energy Well (500) Advanced Energy Well (269) Experimental Energy Well (0) Experimental Matter Compressor (400) Precision Matter Filter Advanced Kinecellerator Heavy Regenerative Plating SHELL Armor Experimental Force Field Advanced Drone Bay (1/2) Compact HERF Cannon Multirail Multirail Hypervelocity Linear Accelerator PL-3XN's Obliterator (3 Rings) Peak State ------------ > --- POWER ------------ Improved Quantum Reactor Improved Quantum Reactor Zero-point Reactor > --- PROPULSION ------- Experimental Biometal Heavy Treads Experimental Biometal Heavy Treads High-density Centrium Heavy Treads > --- UTILITY ---------- Experimental Cooling System Huge Storage Unit Advanced Targeting Computer Experimental Targeting Computer Experimental Core Analyzer Precision Matter Filter Advanced Kinecellerator Experimental Weapon Cycler Centrium Linked Plating Experimental Powered Armor Experimental Force Field Microwarp Drive > --- WEAPON ----------- Modified Sigix Sheargun Graviton Cannon PL-3XN's Obliterator > --- INVENTORY -------- Zero-point Reactor Advanced Heavy Siege Treads Desublimator Experimental Cooling System Advanced Energy Well Advanced Energy Well Experimental Energy Well Experimental Matter Compressor Precision Matter Filter Advanced Kinecellerator Heavy Regenerative Plating SHELL Armor Experimental Force Field Advanced Drone Bay High-powered Transdimensional Reconstructor Compact HERF Cannon Multirail Multirail Heavy Hardcell Cannon Hypervelocity Linear Accelerator [Rating: 273] Favorites ----------- Power Quantum Reactor Engine Heavy Ion Engine Power Core Cooled Fission Core Reactor Quantum Reactor Propulsion High-density Centrium Heavy Treads Treads High-density Centrium Heavy Treads Leg Carbon-fiber Leg Wheel Centrium Wheel Utility Huge Storage Unit Device Experimental Cooling System Storage Huge Storage Unit Processor Experimental Optical Array Hackware Relay Coupler [Sentry] Protection Improved Utility Shielding Artifact Spacefold Activator Weapon Enhanced Nova Cannon Energy Gun Improved EM Shotgun Energy Cannon Enhanced Nova Cannon Ballistic Gun Multirail Ballistic Cannon Hypervelocity Mass Driver Launcher Gamma Bomb Array Special Weapon Remote Datajack Impact Weapon Heavy Flail Slashing Weapon Molecular Scythe Special Melee Weapon Datajack Build | -11 -10 -10 -9 -9 -9 -8 -8 -8 -8 -7 -7 -6 -6 -6 -6 -5 -5 -5 -5 -5 -5 -5 -5 -4 -4 -4 -3 -3 -3 -2 -2 -2 -2 -1 -1 -1 ------- Run | Yrd Mat Min Mat Sto Gar Mat Gar Mat Gar Fac Gar Fac Gar Fac Gar Fac Was Fac Ext Cet Arc Hub Gar Fac Arm Lab Res Tes Gar Res Qua Sec Gar Acc Com Ac0 Slots Evolved 18 | . . . 2 . . 2 . . . 2 . 2 . . . 2 . . . . . . . 2 . . 2 . . 2 . . . 2 . . Power 2 | . . . . . . . . . . . . . . . . . . . . . . . . 1 . . . . . . . . . 1 . . Propulsion 4 | . . . 1 . . 1 . . . . . . . . . . . . . . . . . . . . 1 . . 1 . . . . . . Utility 11 | . . . 1 . . 1 . . . 2 . 2 . . . 2 . . . . . . . . . . 1 . . 1 . . . 1 . . Weapon 1 | . . . . . . . . . . . . . . . . . . . . . . . . 1 . . . . . . . . . . . . Parts Attached 1345 | 7 13 5 32 32 29 74 38 5 52 33 35 48 21 10 11 17 6 86 19 13 9 32 58 36 122 6 65 64 30 40 38 47 42 17 72 81 Power 68 | 1 1 . 1 1 1 . 1 . 2 . 1 3 . . . . 1 5 1 . . 3 4 1 12 . 4 2 3 4 2 3 . 1 7 3 Engine 7 | 1 1 . 1 1 1 . . . 1 . . . . . . . . . . . . 1 . . . . . . . . . . . . . . Core 13 | . . . . . . . 1 . 1 . . 1 . . . . . 5 1 . . 2 . . . . 1 . . 1 . . . . . . Reactor 48 | . . . . . . . . . . . 1 2 . . . . 1 . . . . . 4 1 12 . 3 2 3 3 2 3 . 1 7 3 Propulsion 103 | 2 . . 7 7 4 17 4 2 9 6 5 1 . . . . . 5 3 3 . . 5 . 3 . 6 2 1 2 3 3 . . 3 . Treads 75 | 2 . . 7 7 2 11 2 1 7 4 1 . . . . . . 1 1 3 . . 3 . 3 . 6 2 1 2 3 3 . . 3 . Leg 1 | . . . . . . . . . . . . . . . . . . 1 . . . . . . . . . . . . . . . . . . Wheel 27 | . . . . . 2 6 2 1 2 2 4 1 . . . . . 3 2 . . . 2 . . . . . . . . . . . . . Hover . | . . . . . . . . . . . . . . . . . . . . . . . . . . . . . . . . . . . . . Flight . | . . . . . . . . . . . . . . . . . . . . . . . . . . . . . . . . . . . . . Utility 602 | 2 4 3 10 10 4 15 9 3 22 15 7 21 11 10 10 11 . 32 5 3 7 12 17 23 59 2 41 45 15 23 16 22 15 3 38 57 Device 320 | 1 3 3 7 7 1 8 1 . 4 1 . . 1 1 1 3 . 11 2 1 5 7 8 13 40 1 31 37 8 19 16 13 6 2 27 31 Storage 10 | 1 1 . 1 . 1 . . . . 1 . . . . . . . . . . . . 1 . . . 2 1 . 1 . . . . . . Processor 11 | . . . 1 . . 1 . . . . . . . . . . . . . . . . . 1 1 . 2 1 . . . 1 1 . 2 . Hackware 119 | . . . . . 1 1 5 3 11 6 5 9 6 6 5 5 . 7 1 . . 2 6 8 7 . 1 . 7 2 . 1 6 . 6 2 Protection 133 | . . . 1 3 1 5 3 . 7 7 2 12 4 3 4 3 . 14 2 2 2 3 2 1 11 1 5 6 . 1 . 2 1 1 3 21 Artifact 9 | . . . . . . . . . . . . . . . . . . . . . . . . . . . . . . . . 5 1 . . 3 Weapon 572 | 2 8 2 14 14 20 42 24 . 19 12 22 23 10 . 1 6 5 44 10 7 2 17 32 12 48 4 14 15 11 11 17 19 27 13 24 21 Energy Gun 72 | 1 2 . 7 4 9 11 . . . . . . 1 . . . . . . . . . . . 10 . . 6 2 5 4 7 . . 1 2 Energy Cannon 156 | . 2 1 2 4 1 11 5 . 3 5 15 8 3 . . 3 2 17 3 3 1 4 . 5 15 2 12 6 5 2 5 1 5 1 3 1 Ballistic Gun 42 | 1 . . . . 1 . 3 . 5 1 . . . . . . . . . . . . 2 1 3 . . . . . . 3 6 6 5 5 Ballistic Cannon 64 | . 2 . . . . . . . . . . 5 . . . 1 1 1 . . . 2 12 . 7 . 1 . . . 2 2 5 . 10 13 Launcher 20 | . . 1 1 1 3 1 1 . 1 . . . . . . . . . . . . 1 . 1 2 . . 2 . . . . 2 . 3 . Special Weapon 142 | . 2 . 4 2 . 5 5 . 6 6 6 9 4 . 1 1 2 15 4 1 . 4 10 5 11 2 1 1 4 4 5 6 8 6 2 . Impact Weapon 30 | . . . . 3 4 10 8 . 4 . 1 . . . . . . . . . . . . . . . . . . . . . . . . . Slashing Weapon 38 | . . . . . . . . . . . . 1 2 . . 1 . 11 3 3 1 6 8 . . . . . . . 1 . 1 . . . Piercing Weapon . | . . . . . . . . . . . . . . . . . . . . . . . . . . . . . . . . . . . . . Special Melee Weapon 8 | . . . . . 2 4 2 . . . . . . . . . . . . . . . . . . . . . . . . . . . . . Unidentified Prototypes 36 | . . . 1 . . . . . . . . . 1 . . . . . . 2 . 1 . 1 4 4 . 5 . 4 4 2 . . . 7 Corrupted Parts 3 | . . . . . . . . . . . . . . . . . . . . . . . 2 . . . . . . . . . . . 1 . System Corruption 10 | . . . . . . . . . . . . . . . . . . . . . . . 7 . . . . . . . . . . . 3 . Parts Lost 57 | . . . . . . 4 2 . 11 . . . . . . . . 2 1 . . 3 1 3 7 . 8 3 . 2 . . 2 . 6 2 Power 9 | . . . . . . . 1 . 1 . . . . . . . . . 1 . . 1 . . . . 1 . . 1 . . . . 3 . Propulsion 9 | . . . . . . . 1 . 5 . . . . . . . . 2 . . . . . . . . 1 . . . . . . . . . Utility 25 | . . . . . . 3 . . 3 . . . . . . . . . . . . 1 1 2 3 . 4 2 . 1 . . 2 . 2 1 Weapon 14 | . . . . . . 1 . . 2 . . . . . . . . . . . . 1 . 1 4 . 2 1 . . . . . . 1 1 Highest Loss Streak 11 | . . . . . . 1 2 . 11 . . . . . . . . 1 1 . . 2 1 2 4 . 3 2 . 1 . . 1 . 3 1 To Critical Strikes 1 | . . . . . . . . . . . . . . . . . . . 1 . . . . . . . . . . . . . . . . . Average Slot Usage (%) 89 | . 100 100 99 99 99 99 96 100 98 99 96 88 85 90 90 88 88 89 97 92 86 87 85 88 88 75 88 92 89 90 87 80 69 73 75 78 Engine 2 | . 14 14 11 11 11 9 3 . 6 7 3 . . . . . . . . . . . . . . . . . . . . . . . . . Reactor 4 | . . . . . . . . . . . 3 6 6 6 6 5 5 . . . . . 1 10 9 10 8 9 9 7 8 5 4 7 9 11 Treads 13 | . 28 28 33 33 19 19 19 20 18 15 11 6 6 6 6 5 5 3 11 9 5 5 6 10 10 10 12 15 13 15 15 13 12 11 10 11 Wheel 5 | . . . . . 13 16 16 15 17 14 15 13 13 13 13 11 11 12 8 5 5 5 7 . . . . . . . . . . . . . Device 7 | . 14 14 21 11 10 8 3 . 2 . . . 1 . . 1 . . 5 5 5 5 6 5 5 . 8 12 15 5 8 10 7 4 15 22 Storage 6 | . 14 14 11 11 11 9 9 9 9 7 7 6 6 6 6 5 5 5 5 5 5 5 5 5 5 5 4 4 4 4 4 4 4 3 3 3 Processor 4 | . . . . . . . . . . . . . . . . . . . . . . . . 1 9 10 9 12 13 12 12 14 9 7 7 11 Hackware 20 | . . . . . . 9 10 26 20 31 31 33 27 37 36 36 35 36 41 35 35 35 30 33 27 31 20 13 11 23 19 13 14 17 6 . Protection 5 | . . . . 10 11 8 12 . 3 5 5 7 10 5 5 7 11 9 5 11 9 9 7 5 3 . 6 5 4 3 4 3 3 6 6 5 Energy Gun 2 | . 2 . 9 10 13 9 2 . . . . . . . . . . . . . . . . . 3 . . 4 8 7 2 1 . . . . Energy Cannon 4 | . 9 14 10 10 2 5 2 . 1 7 10 3 1 . . 4 3 1 2 2 2 1 . 6 5 . 10 12 6 7 6 3 3 3 1 . Ballistic Gun 1 | . 4 . . . 2 . 4 . 2 . . . . . . . . . . . . . . 3 . . . . . . . . 3 2 5 5 Ballistic Cannon 1 | . 9 14 1 . . . . . . . . . . . . . 4 4 . . . . 3 . 2 . 1 . . . . 2 . . 2 4 Special Weapon 2 | . 2 . . . . . 2 9 7 5 3 4 5 6 6 4 1 3 5 5 5 4 3 4 2 5 2 . 2 . . . . . . . Slashing Weapon 1 | . . . . . . . . . . . . 2 5 6 6 1 . . 2 2 2 3 2 . . . . . . . 2 4 3 3 . . Peak Build Rating 273 | 7 11 12 19 22 25 33 40 38 46 54 76 95 100 93 100 107 106 110 94 104 105 106 132 139 144 147 181 184 182 189 203 238 246 257 266 273 Average Rating 120 | 5 8 9 17 19 22 29 33 36 38 49 63 88 95 86 92 103 104 103 91 96 101 102 115 134 134 119 169 176 173 182 195 222 239 252 255 257 On Entrance 105 | . 7 9 12 18 19 25 31 36 36 41 54 75 93 95 86 100 105 104 85 93 102 102 106 129 136 131 147 178 178 169 188 203 238 240 255 259 Naked Turns . | . . . . . . . . . . . . . . . . . . . . . . . . . . . . . . . . . . . . . Heaviest Build 233 | 12 34 34 62 63 98 107 107 95 108 112 111 133 133 121 121 137 139 143 115 121 118 123 144 156 157 133 182 168 162 173 175 191 197 210 229 233 Greatest Support 270 | 40 40 40 60 60 60 90 90 22 87 24 70 70 70 32 32 32 32 44 32 28 28 28 160 160 160 155 190 172 167 192 192 270 270 270 270 260 Greatest Overweight (x) 39 | . . . 1 1 4 4 9 9 4 10 6 4 4 3 3 4 4 4 4 4 39 4 10 . 1 . 1 . 1 1 1 . . . 1 . Average Overweight (x) 1 | . . . . . 2 3 4 4 3 4 3 3 2 3 3 3 3 3 3 3 6 3 3 . . . . . . . . . . . . . Largest Inventory Capacity 27 | 8 15 15 20 20 25 25 25 25 25 25 25 25 25 25 25 25 25 25 25 25 25 25 25 25 25 25 25 25 25 25 25 27 27 27 27 27 Average Capacity 24 | 7 14 15 18 20 23 25 25 25 25 25 25 25 25 25 25 25 25 25 25 25 25 25 25 25 25 25 25 25 25 25 25 25 27 27 27 27 Most Carried 27 | 8 15 15 20 20 25 25 25 25 25 25 25 25 25 25 25 25 24 25 25 25 25 25 25 25 25 25 25 25 25 25 25 27 27 27 27 27 Average Carried 23 | 5 13 14 17 19 21 24 24 24 23 24 24 23 23 23 24 24 24 24 24 24 24 24 24 24 24 20 24 24 24 24 24 25 26 26 25 26 Final Capacity 27 | 8 15 15 20 20 25 25 25 25 25 25 25 25 25 25 25 25 25 25 25 25 25 25 25 25 25 25 25 25 25 25 25 27 27 27 27 27 Final Carried 27 | 8 15 15 20 20 25 25 25 24 25 25 25 23 25 24 25 24 24 25 25 25 25 25 25 25 25 25 23 25 25 25 25 27 27 27 27 25 Class Distribution -------------------- 47% | Botlord-Mutant 9% | Botlord-Tank 7% | Mutant 6% | Scavenger-Gunner 6% | Botlord-Skirmisher 5% | Bothacker-Mutant 4% | Botlord-Gunner 4% | Botlord-Assassin 4% | Scavenger-Mutant Dominant Class ---------------- Mutant | -10/Materials Mutant | -10/Mines Scavenger-Mutant | -9/Materials Scavenger-Mutant | -9/Storage Scavenger-Mutant | -9/Garrison Bothacker-Mutant | -8/Materials Bothacker-Mutant | -8/Garrison Bothacker-Mutant | -8/Materials Botlord-Mutant | -8/Garrison Botlord-Mutant | -7/Factory Botlord-Mutant | -7/Garrison Botlord-Mutant | -6/Factory Botlord-Mutant | -6/Garrison Botlord-Mutant | -6/Factory Botlord-Mutant | -6/Garrison Botlord-Mutant | -5/Factory Botlord-Mutant | -5/Waste Botlord-Mutant | -5/Factory Botlord-Mutant | -5/Extension Botlord-Mutant | -5/Cetus Botlord-Mutant | -5/Archives Botlord-Mutant | -5/Hub_04(d) Botlord-Mutant | -5/Garrison Botlord-Tank | -4/Factory Botlord-Gunner | -4/Armory Botlord-Mutant | -4/Lab Botlord-Tank | -3/Research Botlord-Skirmisher | -3/Testing Botlord-Tank | -3/Garrison Botlord-Skirmisher | -2/Research Botlord-Assassin | -2/Quarantine Botlord-Assassin | -2/Section 7 Botlord-Mutant | -2/Garrison Botlord-Mutant | -1/Access Scavenger-Gunner | -1/Command Scavenger-Gunner | -1/Access_0 Resources | -11 -10 -10 -9 -9 -9 -8 -8 -8 -8 -7 -7 -6 -6 -6 -6 -5 -5 -5 -5 -5 -5 -5 -5 -4 -4 -4 -3 -3 -3 -2 -2 -2 -2 -1 -1 -1 ----------- Run | Yrd Mat Min Mat Sto Gar Mat Gar Mat Gar Fac Gar Fac Gar Fac Gar Fac Was Fac Ext Cet Arc Hub Gar Fac Arm Lab Res Tes Gar Res Qua Sec Gar Acc Com Ac0 Matter Collected 23723 | 301 197 112 352 404 352 682 576 227 851 633 470 975 522 224 329 312 290 1645 701 162 110 382 1392 788 1764 . 621 312 819 276 356 578 739 247 3624 1398 Remotely 2789 | . . . . . . . . . . . . . . . . . . 528 . . . 35 336 220 868 . 95 207 65 . . . . . . 435 Salvage Created 24889 | 168 421 81 896 758 869 885 377 56 297 93 241 575 259 . . 88 201 1023 377 131 433 775 590 1117 2896 . 1733 1090 847 1220 687 1201 826 257 2646 775 Parts 1031 | 14 27 7 35 49 35 49 21 . 16 6 8 28 9 . . 3 6 33 14 9 29 41 15 41 109 . 60 53 35 69 43 48 32 6 56 25 Haulers Intercepted 8 | . 1 . 3 1 . 1 . . . 1 . 1 . . . . . . . . . . . . . . . . . . . . . . . . Recyclers Shooed 15 | . 2 . 1 . . . . . . . . . . . . . . 4 . . . 2 . 2 . . 3 . . . . . . . 1 . Parts Field Recycled . | . . . . . . . . . . . . . . . . . . . . . . . . . . . . . . . . . . . . . Retrieved Matter . | . . . . . . . . . . . . . . . . . . . . . . . . . . . . . . . . . . . . . Parts Self-Destructed . | . . . . . . . . . . . . . . . . . . . . . . . . . . . . . . . . . . . . . Prevented . | . . . . . . . . . . . . . . . . . . . . . . . . . . . . . . . . . . . . . Kills | -11 -10 -10 -9 -9 -9 -8 -8 -8 -8 -7 -7 -6 -6 -6 -6 -5 -5 -5 -5 -5 -5 -5 -5 -4 -4 -4 -3 -3 -3 -2 -2 -2 -2 -1 -1 -1 ------- Run | Yrd Mat Min Mat Sto Gar Mat Gar Mat Gar Fac Gar Fac Gar Fac Gar Fac Was Fac Ext Cet Arc Hub Gar Fac Arm Lab Res Tes Gar Res Qua Sec Gar Acc Com Ac0 Combat Hostiles Destroyed 368 | . 7 5 15 17 13 16 12 1 9 1 5 9 3 . . 1 1 13 4 1 1 11 7 12 48 . 25 16 16 13 9 18 15 3 28 13 Melee 31 | . . . . . . 1 1 . 2 . . . 2 . . . . 1 3 . . 9 2 . . . . . . . 3 4 3 . . . Guns 67 | . 3 . 5 6 8 10 4 . 4 . . . . . . . . . . . . . . 2 4 . . . 1 5 . 1 2 . 11 1 Cannons 174 | . 4 3 5 7 . 2 3 . . 1 4 9 . . . 1 1 11 1 . 1 1 5 7 23 . 13 9 15 2 2 8 5 3 17 11 AOE 39 | . . 2 3 2 5 1 4 . 3 . 1 . . . . . . 1 . . . . . . 9 . . 3 . . . . 5 . . . Classes Destroyed 25 | 2 5 . 1 1 1 2 1 . 1 . 1 2 . . . . 1 . . . . . . 1 . . 2 1 . 1 . 1 1 . . . Worker 14 | 2 . . 1 1 . 1 . . . . . . . . . . . 1 . . . 1 . 4 . . 1 1 . . . . . . 1 . Builder 11 | . . . . . . 1 . . . . . 1 . . . . . 2 . . . 2 . 2 . . . 2 . . 1 . . . . . Tunneler 7 | 6 . . 1 . . . . . . . . . . . . . . . . . . . . . . . . . . . . . . . . . Hauler 8 | . 1 . 3 1 . 1 . . . 1 . 1 . . . . . . . . . . . . . . . . . . . . . . . . Recycler 7 | . 2 . 1 . . . . . . . . . . . . . . 2 1 . . . . 1 . . . . . . . . . . . . Mechanic 1 | . . . . . . . . . . . . . . . . . . . . . . . . 1 . . . . . . . . . . . . Operator 10 | . . . . . . 1 . . . . . . . . . . . . . . 9 . . . . . . . . . . . . . . . Watcher 11 | . 3 . 2 1 . 2 . . . . . . . . . . . . . . . . . . 1 . . 1 . . . . . . 1 . Swarmer 57 | . 3 3 4 4 2 5 4 . 4 . . . . . . . . . . . . . . . 10 . 3 . 7 . 1 4 3 . . . Cutter 3 | . . . . . . . . . . . . . . . . . . . . . . . . . . . . . . . . . 3 . . . Grunt 118 | . 4 2 5 6 9 6 4 1 . . 2 1 2 . . . . 8 2 . . 5 4 7 11 . 7 7 5 7 4 . 3 1 5 . Brawler 10 | . . . . 1 . . . . . . 1 . . . . . . . . . . . 1 . 4 . 1 1 . . . . . . 1 . Duelist 10 | . . . . . . . . . . . 1 . . . . . . . . . . 1 . . 8 . . . . . . . . . . . Researcher 1 | . . . . . . . . . . . . . . . . . . . . . . . . . . . . 1 . . . . . . . . Sentry 49 | . . . 6 6 3 6 . . . . . . . . . . . . 1 . 1 2 . 2 7 . 4 . . 1 . 6 1 . 3 . Demolisher 4 | . . . . . . . . . . . . . . . . . . . . . . . . . . . 3 . . . . . . . 1 . Specialist 6 | . . . . . . . . . . . . 3 . . . . . . . . . 1 . . . . . . . . . . . . 2 . Hunter 21 | . . . . . 1 . . . 1 . . 1 . . . . . 1 . . . . . . 1 . 4 2 2 1 . . 1 2 4 . Programmer 55 | . . . . . . . 4 . 3 1 1 3 1 . . . . 4 1 . . 2 2 3 7 . . 6 1 . 4 3 1 . 8 . Heavy 4 | . . . . . . . . . . . . 1 . . . 1 . . . . . . . . . . . . . . . . 1 . 1 . Q-Series 6 | . . . . . . . . . . . . . . . . . . . . . . . . . . . . . . 4 . 2 . . . . Behemoth 6 | . . . . . . . . . 1 . . . 1 . . . . . . . . . . . . . . . 1 . . 1 1 . 1 . Compactor 1 | . . . . . . . . . . . . . . . . . 1 . . . . . . . . . . . . . . . . . . . Armor Guard 1 | . . . . . . . . . . . . . . . . . . . . . . . . . 1 . . . . . . . . . . . Cetus Guard 1 | . . . . . . . . . . . . . . . . . . . . 1 . . . . . . . . . . . . . . . . Enhanced Grunt 5 | . . . . . . . . . . . . . . . . . . . . . . . . . . . . . . . . . . . . 5 Enhanced Sentry 2 | . . . . . . . . . . . . . . . . . . . . . . . . . . . . . . . . . . . . 2 Enhanced Hunter 3 | . . . . . . . . . . . . . . . . . . . . . . . . . . . . . . . . . . . . 3 Striker 3 | . . . . . . . . . . . . . . . . . . . . . . . . . . . 3 . . . . . . . . . Executioner 3 | . . . . . . . . . . . . . . . . . . . . . . . . . . . . . . . . 2 1 . . . Best Kill Streak 14 | 5 3 3 5 8 6 6 4 1 3 1 2 5 1 . . 1 1 3 2 1 2 3 1 5 11 . 4 6 7 8 4 4 5 2 14 4 Combat Bots Only 12 | . 3 3 4 8 6 4 4 1 3 1 2 4 1 . . 1 1 3 2 1 1 3 1 4 11 . 4 4 7 8 4 4 5 2 12 4 Max Kills in Single Turn 5 | 1 2 2 2 2 3 2 2 1 3 1 1 1 1 . . 1 1 2 1 1 1 1 1 5 4 . 1 2 1 2 1 1 3 1 2 1 Gunslinging 1 | . . . . . . . 1 . . . . . . . . . . . . . . . . . . . . . . . . . . . . . Exploded 4 | . . 2 2 2 3 1 2 . 3 . 1 . . . . . . 1 . . . . . . 4 . . 2 . . . . 3 . . . Melee 1 | . . . . . . 1 1 . 1 . . . 1 . . . . 1 1 . . 1 1 . . . . . . . 1 1 1 . . . Uniques/NPCs Destroyed 6 | . . . . . . . . . . . . . . . . . . . . 1 . . . . . . . . . . . . . . 2 3 A7 (-5/Cetus) MAIN.C Shell (-1/Command) MAIN.C (-1/Command) A8 (-1/Access_0) A6 (-1/Access_0) Architect (-1/Access_0) Combat | -11 -10 -10 -9 -9 -9 -8 -8 -8 -8 -7 -7 -6 -6 -6 -6 -5 -5 -5 -5 -5 -5 -5 -5 -4 -4 -4 -3 -3 -3 -2 -2 -2 -2 -1 -1 -1 -------- Run | Yrd Mat Min Mat Sto Gar Mat Gar Mat Gar Fac Gar Fac Gar Fac Gar Fac Was Fac Ext Cet Arc Hub Gar Fac Arm Lab Res Tes Gar Res Qua Sec Gar Acc Com Ac0 Hostile Shots Fired 3190 | . 33 25 57 91 44 71 55 3 114 58 46 124 53 30 11 7 . 118 24 14 5 78 82 101 246 . 181 136 56 70 123 250 128 14 328 414 Missed 912 | . 5 8 23 22 15 19 12 1 28 21 14 35 12 14 6 1 . 37 4 7 3 11 34 23 68 . 48 53 9 24 30 64 27 2 86 146 Damage Taken 41910 | . 331 188 452 929 359 746 643 25 1895 540 438 1530 555 108 153 242 . 1706 388 254 54 1381 814 1829 4025 . 3155 1211 855 1082 1181 2538 2056 165 5858 4224 Core 3299 | . 57 6 45 111 31 56 31 . 247 46 34 91 64 36 36 . . 33 80 57 24 262 46 67 275 . 217 37 44 69 29 310 104 . 180 574 Absorbed by Shields 13261 | . . . . . . . . . . . 13 . 158 28 . . . 25 141 46 . 17 222 . 132 . 792 379 479 182 277 1920 1450 171 2696 4133 Reduced by Siege Mode 553 | . . . . . . . . . . . . 26 . . . . . . . . . . . . 28 . . 82 . . . 19 96 . 219 83 Redirected to Shielding 652 | . . . . . . . . . . 3 . 16 . . . . . 18 19 . . 59 . . 63 . 101 . . . . . . . 200 173 Ignored by Resistances 1225 | . . . . . . . . . . . . . . . . . . . . . . . . . . . . 297 . . 707 119 . . 102 . Regen/Repaired (Parts) 12745 | . . . 37 . . . . 64 190 174 48 216 237 29 103 90 51 286 . . . . . 208 320 . . 330 . 963 1145 1100 3854 65 2743 492 Core Remaining (%) 62 | 100 . 74 . . 53 . . . 39 . 88 . . . 73 . . . . . . . 49 . . 70 . . 77 . . . 22 . . 42 Volleys Fired 2037 | 31 38 14 55 58 52 43 26 15 77 70 53 88 46 17 18 35 28 87 45 17 5 27 73 98 191 . 98 67 64 68 37 73 46 20 149 108 Largest 4 | 2 2 2 2 2 2 2 2 1 2 2 2 2 2 1 1 2 2 2 1 1 1 1 2 3 3 . 2 2 3 3 4 2 2 2 4 3 Hottest 385 | 70 100 95 116 124 91 136 136 5 96 90 105 135 135 5 5 135 96 105 30 81 81 105 122 248 296 . 188 199 280 279 385 200 190 165 280 235 Shots Fired 3021 | 61 71 27 96 111 100 74 42 15 109 72 63 112 49 17 18 42 43 128 49 15 5 27 100 143 295 . 141 92 75 87 48 116 71 24 278 205 Gun 747 | 61 30 . 38 53 68 42 18 . 45 . . . . . . . . . . . . . 6 35 70 . . 14 15 32 17 34 15 4 82 68 Cannon 1625 | . 36 26 44 54 29 24 15 . 23 20 39 53 8 . . 16 39 96 9 15 5 23 54 74 200 . 137 73 44 48 22 66 38 10 148 137 Launcher 42 | . . 1 2 1 3 . 2 . 1 . . . . . . . . . . . . . . . 6 . . 3 . . . . 3 . 20 . Special 607 | . 5 . 12 3 . 8 7 15 40 52 24 59 41 17 18 26 4 32 40 . . 4 40 34 19 . 4 2 16 7 9 16 15 10 28 . Kinetic 796 | 31 33 13 3 . 29 . 18 . 45 . . 15 . . . 4 25 46 . . . . 60 35 46 . 21 . . . 3 11 33 4 141 180 Thermal 1223 | 30 38 13 91 110 29 12 14 . 23 20 39 38 8 . . 12 14 50 9 . . 3 . 63 173 . 62 57 58 61 22 55 20 10 89 . Explosive 22 | . . 1 2 1 3 . 2 . 1 . . . . . . . . . . . . . . . 6 . . 3 . . . . 3 . . . Electromagnetic 381 | . . . . . 39 62 1 . . . . . . . . . . . . 15 5 20 . 11 52 . 54 30 1 19 14 34 . . 20 4 Slashing 21 | . . . . . . . . . . . . . . . . . . . . . . . . . . . . . . . . . . . . 21 Robot Hit Streak 69 | 9 8 8 15 19 14 12 11 10 15 10 14 8 13 13 5 7 6 9 10 3 4 3 6 14 19 . 30 22 28 41 17 17 23 19 69 26 Robot Miss Streak 7 | 4 4 4 2 3 4 6 2 1 4 4 1 5 5 1 2 6 2 4 3 2 1 3 3 4 3 . 2 1 1 1 2 5 2 . 3 7 Penetration Max 2 | . . . . . . . 1 . . . . 2 . . . . . . . . . . . 2 . . . . . . . . 1 . 2 . Secondary Targets 9 | . 2 . . . 2 2 1 . 1 . . . . . . . . . . . . . . . . . . . . 1 . . . . . . Max Gunslinging Chain 1 | . 1 . . . 1 1 1 . 1 . . . . . . . . . . . . . . . . . . . . 1 . . . . . . Shots Hit Robots 2084 | 44 42 14 65 67 88 62 34 14 82 39 35 74 42 14 9 21 29 85 45 15 15 36 79 82 184 . 94 55 39 46 40 91 66 12 166 159 Core Hits 784 | 13 18 8 25 22 49 37 17 . 17 2 6 15 5 . . 1 2 22 4 4 7 14 12 29 75 . 36 33 22 21 10 20 31 5 113 89 Critical Kills 32 | . . . 1 1 . 1 . . . . . 2 . . . . 1 7 . . . . 3 1 3 . 4 1 . 4 . 2 . . 1 . Critical Parts Destroyed 52 | . . . . . 1 . 1 1 1 . 1 9 . . . 1 1 14 . . . . 16 1 . . . . 1 . . . 2 . 2 . Critical Strikes 148 | 1 . . 7 4 1 1 1 1 1 . 1 11 1 . . 1 10 23 3 . . 1 21 2 10 . 6 3 2 5 1 9 3 . 8 10 Burn 15 | 1 . . 5 3 . . . . . . . . . . . . . . . . . . . . 4 . . 1 1 . . . . . . . Meltdown 18 | . . . 1 1 . 1 . . . . . . . . . . . . . . . . . 1 2 . 4 1 . 4 . 2 . . 1 . Destroy 72 | . . . . . . . 1 . . . . 11 . . . 1 10 21 . . . . 21 1 1 . . . 1 . . . 2 . 2 . Blast 23 | . . . 1 . . . . . . . . . . . . . . . . . . . . . 3 . 2 . . . . 1 1 . 5 10 Corrupt 3 | . . . . . . . . . . . . . . . . . . . . . . . . . . . . 1 . 1 . 1 . . . . Smash 4 | . . . . . 1 . . 1 1 . 1 . . . . . . . . . . . . . . . . . . . . . . . . . Sever 13 | . . . . . . . . . . . . . 1 . . . . 2 3 . . 1 . . . . . . . . 1 5 . . . . Melee Attacks 423 | . . . . 3 22 29 19 2 34 . 6 3 33 4 20 3 . 28 10 6 11 46 40 . . . . . . . 27 36 28 8 5 . Impact 98 | . . . . 3 16 22 15 2 34 . 6 . . . . . . . . . . . . . . . . . . . . . . . . . Slashing 308 | . . . . . . . . . . . . 3 33 4 20 3 . 28 10 6 11 46 40 . . . . . . . 27 36 28 8 5 . Piercing . | . . . . . . . . . . . . . . . . . . . . . . . . . . . . . . . . . . . . . Sneak Attacks 58 | . . . . . 4 5 1 2 5 . 1 . . . . . . 8 2 6 11 8 1 . . . . . . . 1 . 3 . . . Combat Hostiles 24 | . . . . . . 4 1 1 5 . 1 . . . . . . 3 1 . . 5 1 . . . . . . . . . 2 . . . Follow-up Attacks . | . . . . . . . . . . . . . . . . . . . . . . . . . . . . . . . . . . . . . Damage Inflicted 73904 | 448 689 356 1343 1325 1758 1824 969 191 1715 143 543 1074 711 . . 220 574 2339 630 737 1731 1933 1898 3106 7489 . 3919 3624 1710 2143 1883 3920 3322 276 9608 9753 Guns 15112 | 448 199 . 575 567 788 636 406 . 721 . . . . . . . . . . . . . 47 881 1488 . . 359 220 978 544 704 487 89 3143 1832 Cannons 41610 | . 469 252 609 683 556 391 222 . 443 143 471 1020 177 . . 220 574 1247 137 241 120 373 650 1225 4829 . 3880 1939 1490 1165 308 1818 1388 187 6462 7921 Explosions 5506 | . . 104 136 75 337 370 255 . 100 . . . . . . . . . . . . . . 981 1172 . . 1326 . . . . 650 . . . Melee 11505 | . . . . . 77 427 86 191 451 . 72 48 520 . . . . 1092 493 496 1611 1560 1201 . . . . . . . 1031 1352 797 . . . Ramming 171 | . 21 . 23 . . . . . . . . 6 14 . . . . . . . . . . 19 . . 39 . . . . 46 . . 3 . Kinetic 25170 | 159 290 92 60 . 241 . 406 . 721 . . 290 . . . 27 305 591 . . . . 697 881 1284 . 715 . . . 148 410 1192 89 7320 9252 Thermal 24610 | 289 378 224 1124 1250 600 433 222 . 443 143 471 730 177 . . 193 269 656 137 . . . . 1975 3739 . 1827 1323 1710 1504 230 1408 683 187 2285 . Explosive 3796 | . . 40 136 75 293 . 255 . 100 . . . . . . . . . . . . . . . 921 . . 1326 . . . . 650 . . . Electromagnetic 8291 | . . . . . 547 964 . . . . . . . . . . . . . 241 120 373 . 231 1545 . 1338 975 . 639 474 704 . . . 140 Impact 1304 | . . . . . 77 427 86 191 451 . 72 . . . . . . . . . . . . . . . . . . . . . . . . . Slashing 10562 | . . . . . . . . . . . . 48 520 . . . . 1092 493 496 1611 1560 1201 . . . . . . . 1031 1352 797 . . 361 Piercing . | . . . . . . . . . . . . . . . . . . . . . . . . . . . . . . . . . . . . . Highest Corruption 26 | . . . 3 3 3 3 5 5 8 . . 6 7 7 7 . 26 26 24 24 24 7 18 1 6 6 1 2 . . 9 9 11 . 4 . Average Corruption 8 | . . . 3 3 3 3 3 5 5 . . 5 6 7 7 . 15 23 24 24 15 5 11 1 4 6 1 1 . . 5 9 9 . 3 . Corruption Purged 47 | . . . . . . . . . . . . . . . . . . 7 . . 24 . . . 5 . 1 3 . . . . . . 7 . Corruption Blocked . | . . . . . . . . . . . . . . . . . . . . . . . . . . . . . . . . . . . . . Effects 879 | . . . 1 31 18 4 18 5 54 . . 36 47 22 40 . 12 161 74 23 13 22 70 5 65 27 5 2 . . 31 37 44 . 12 . Message Errors 203 | . . . . 6 2 1 4 . 17 . . 14 11 7 7 . 1 37 15 7 4 6 15 2 13 5 1 1 . . 4 12 8 . 3 . Matter Fused 218 | . . . . 10 2 . 8 3 7 . . 11 16 6 15 . 3 33 25 1 2 9 13 . 12 8 2 . . . 7 8 14 . 3 . Heat Flow Errors 109 | . . . 1 2 2 1 . . 8 . . 3 8 3 6 . . 18 5 8 3 5 14 . 8 1 1 . . . 4 2 5 . 1 . Energy Discharges 118 | . . . . 5 6 2 3 . 11 . . 1 4 1 4 . 2 20 8 3 3 1 8 . 14 5 1 . . . 7 2 6 . 1 . Parts Rejected 13 | . . . . . 1 . . . . . . 2 . . . . . 5 1 1 . . . 1 . . . . . . . 2 . . . . Parts Fused 12 | . . . . 1 . . . . 1 . . . . 1 . . . 4 1 . . . 1 . 1 1 . . . . . . 1 . . . Data Loss (minor) 92 | . . . . 5 1 . 2 1 5 . . 1 6 4 6 . 2 17 4 1 . 1 4 . 11 7 . . . . 4 6 4 . . . Data Loss (major) 37 | . . . . 1 2 . . 1 2 . . 4 1 . 2 . 1 6 2 . 1 . 2 1 2 . . 1 . . 2 2 2 . 2 . Misfires 20 | . . . . 1 . . . . . . . . 1 . . . 2 5 4 . . . 3 . 2 . . . . . . . 1 . 1 . Alerts 25 | . . . . . 2 . 1 . 2 . . . . . . . . 4 5 . . . 4 1 . . . . . . 2 2 2 . . . Misdirections 9 | . . . . . . . . . . . . . . . . . . 3 4 . . . 2 . . . . . . . . . . . . . Weapon Failures 23 | . . . . . . . . . 1 . . . . . . . 1 9 . 2 . . 4 . 2 . . . . . 1 1 1 . 1 . Overload Shots 1 | . . . . . . . . . . 1 . . . . . . . . . . . . . . . . . . . . . . . . . . Overflow Damage 3403 | . 11 12 8 . 49 77 31 117 195 . 36 26 66 . . 10 . 232 69 40 595 165 186 301 311 . 66 43 68 21 127 189 89 . 256 7 Projectiles 848 | . 11 . . . 19 . 3 . . . . 26 . . . 10 . 67 9 . . 5 9 . 171 . 66 23 68 21 . 77 . . 256 7 Explosions 582 | . . 12 8 . . 28 28 . . . . . . . . . . . . . . . . 301 140 . . 20 . . . . 45 . . . Melee 1973 | . . . . . 30 49 . 117 195 . 36 . 66 . . . . 165 60 40 595 160 177 . . . . . . . 127 112 44 . . . Knockbacks 96 | . 4 3 . . 1 . . 2 . . . . . . . . . 5 . . . . 8 . 5 . 7 . . . 2 3 1 . 12 43 Impact 4 | . . . . . 1 . . 2 . . . . . . . . . . . . . . . . . . 1 . . . . . . . . . Kinetic 91 | . 3 3 . . . . . . . . . . . . . . . 5 . . . . 8 . 5 . 6 . . . 2 3 1 . 12 43 Secondary 1 | . 1 . . . . . . . . . . . . . . . . . . . . . . . . . . . . . . . . . . . Self-Inflicted Damage 693 | . . . . . . 9 25 . . . . 3 . . . . . . . . . . . 102 134 . . 228 . . . . 186 . 6 . Shots 13 | . . . . . . 1 1 . . . . . . . . . . . . . . . . 2 3 . . 3 . . . . 2 . 1 . Rammed 17 | . 5 . 1 . . . . . . . . 1 2 . . . . . . . . . . 2 . . 4 . . . . 1 . . 1 . Targets Rammed 18 | . 5 . 1 . . . . . . . . 1 2 . . . . . . . . . . 2 . . 5 . . . . 1 . . 1 . Kicked . | . . . . . . . . . . . . . . . . . . . . . . . . . . . . . . . . . . . . . Crushed 1 | . . . . . . . . . . . . . . . . . . . . . . . . . . . 1 . . . . . . . . . Highest Temperature 424 | 140 309 24 186 339 330 306 79 . 251 48 162 288 257 258 265 156 126 248 264 250 263 259 266 237 424 230 264 252 352 270 203 145 194 225 348 110 Average Temperature 80 | 49 63 6 25 116 96 65 39 . 89 23 56 79 92 113 106 70 57 58 102 80 118 107 91 67 88 134 65 50 122 107 91 35 56 89 88 24 Received Heat Transfer 5456 | . 90 66 180 312 129 288 216 9 258 126 106 180 141 42 39 36 . 489 60 30 . 354 168 346 377 . 355 174 60 230 58 226 149 8 127 27 Effects 15 | . 1 . . . . 3 . . . . . . . . . . . . . . . . . . 1 . 4 1 1 3 . . . . 1 . Shutdowns 1 | . 1 . . . . . . . . . . . . . . . . . . . . . . . . . . . . . . . . . . . Energy Bleed 3 | . . . . . . . . . . . . . . . . . . . . . . . . . 1 . . 1 1 . . . . . . . Interference 11 | . . . . . . 3 . . . . . . . . . . . . . . . . . . . . 4 . . 3 . . . . 1 . Siege Activations 23 | . . . . . . . . . . . . 1 . . . . . . . . . . 1 1 3 . . 1 . 1 . 2 3 . 5 5 Total Turns 370 | . . . . . . . . . . . . 5 . . . . . . . . . . 8 5 30 . . 14 . 11 . 47 68 . 104 78 Longest Duration 60 | . . . . . . . . . . . . 5 . . . . . . . . . . 8 5 20 . . 14 . 11 . 44 30 . 60 23 Robots Corrupted 33 | . . . . . 1 1 . 1 . . . . . . . . . . . 1 . 1 . 2 6 . 8 2 . 2 4 3 . . . 1 Combat Hostiles 32 | . . . . . . 1 . 1 . . . . . . . . . . . 1 . 1 . 2 6 . 8 2 . 2 4 3 . . . 1 Parts Fried 71 | . . . . . 3 5 . 1 3 . . . . . . . . . . 2 . 1 . 4 12 . 14 8 . 3 6 6 . . . 3 Impact Corruptions 11 | . . . . . 1 2 . 2 5 . 1 . . . . . . . . . . . . . . . . . . . . . . . . . Robots Melted 27 | . . . 2 2 . 1 . . . . . . 1 . . . . . . . . . . 2 6 . 4 2 . 4 . 2 . . 1 . Combat Hostiles 25 | . . . 2 2 . 1 . . . . . . 1 . . . . . . . . . . 1 6 . 4 2 . 4 . 2 . . . . Parts Melted 94 | 1 2 . 11 6 1 1 . . . . 3 1 4 . . 1 . 2 . . . 1 1 9 13 . 7 4 2 12 . 6 2 . 4 . Heat Transferred 29987 | 925 865 433 2775 2738 1049 611 407 . 740 185 629 907 222 . . 222 370 814 167 . . . . 2098 4335 . 1517 1184 1628 1665 222 1184 518 148 1429 . Parts Sabotaged 1 | . . . . . . . . . . . . . . . . . . . . . . . . . 1 . . . . . . . . . . . Parts Stolen . | . . . . . . . . . . . . . . . . . . . . . . . . . . . . . . . . . . . . . Parts Stripped . | . . . . . . . . . . . . . . . . . . . . . . . . . . . . . . . . . . . . . Power Chain Reactions 10 | . . . . . 1 6 . . . . . . . . . . . . . . . . . . 1 . . . . . . . . . 2 . Alert | -11 -10 -10 -9 -9 -9 -8 -8 -8 -8 -7 -7 -6 -6 -6 -6 -5 -5 -5 -5 -5 -5 -5 -5 -4 -4 -4 -3 -3 -3 -2 -2 -2 -2 -1 -1 -1 ------- Run | Yrd Mat Min Mat Sto Gar Mat Gar Mat Gar Fac Gar Fac Gar Fac Gar Fac Was Fac Ext Cet Arc Hub Gar Fac Arm Lab Res Tes Gar Res Qua Sec Gar Acc Com Ac0 Peak Influence 1952 | 40 144 82 317 619 1112 781 857 505 619 336 1020 967 1169 666 1052 1952 440 399 475 367 422 401 811 631 647 . 265 547 1178 513 268 459 736 698 453 . Initial 643 | . 26 30 31 122 347 542 408 417 . 324 86 535 643 613 154 552 417 296 123 152 146 . 52 425 211 . . 133 140 501 195 22 43 441 278 . Average 344 | 11 49 30 177 399 798 637 643 313 272 123 533 604 915 316 646 1088 427 188 189 299 218 160 396 338 331 . 148 282 807 309 88 98 393 569 243 . Maximum Alert Level 5 | . . . 1 2 4 3 3 2 2 1 3 3 4 2 3 5 2 1 2 1 2 2 3 2 2 . 1 2 4 2 1 2 3 2 3 . Low Security (%) 36 | 100 100 100 52 13 . . . 36 38 76 16 . . 39 3 . . 56 56 13 36 69 26 34 13 . 65 39 6 20 89 88 13 . 15 . Level 1 24 | . . . 47 29 17 . . 4 40 23 15 . . 27 20 . . 43 42 86 46 29 32 9 61 . 34 31 4 58 10 9 46 . 25 . Level 2 23 | . . . . 56 1 86 48 59 21 . 36 78 22 33 35 13 100 . . . 16 1 17 55 24 . . 29 32 21 . 1 31 100 14 . Level 3 13 | . . . . . 77 13 51 . . . 32 21 57 . 40 29 . . . . . . 23 . . . . . 32 . . . 8 . 45 . Level 4 1 | . . . . . 4 . . . . . . . 20 . . 51 . . . . . . . . . . . . 24 . . . . . . . Level 5 . | . . . . . . . . . . . . . . . . 6 . . . . . . . . . . . . . . . . . . . . High Security . | . . . . . . . . . . . . . . . . . . . . . . . . . . . . . . . . . . . . . Max Security . | . . . . . . . . . . . . . . . . . . . . . . . . . . . . . . . . . . . . . Squads Dispatched 123 | . 2 . 1 1 . 2 . 2 . 10 . 11 . 7 . 4 . 12 1 . . 7 . 11 15 . 1 7 . 3 7 7 . 9 3 . Investigation 20 | . 2 . 1 . . 1 . . . 2 . . . 1 . 1 . 5 . . . . . 3 2 . . . . 1 . . . 1 . . Extermination 37 | . . . . . . . . . . 4 . 4 . 1 . 1 . 2 . . . 1 . 2 5 . . 3 . 2 4 4 . 2 2 . Reinforcement 49 | . . . . . . 1 . 1 . 1 . 6 . 4 . 1 . 5 1 . . 6 . 2 5 . 1 4 . . 3 3 . 4 1 . Assault 8 | . . . . 1 . . . . . . . 1 . . . . . . . . . . . 1 3 . . . . . . . . 2 . . Garrison 9 | . . . . . . . . 1 . 3 . . . 1 . 1 . . . . . . . 3 . . . . . . . . . . . . Intercept . | . . . . . . . . . . . . . . . . . . . . . . . . . . . . . . . . . . . . . Searches Triggered 1 | . . . . . . . . . . . . . . . . 1 . . . . . . . . . . . . . . . . . . . . Construction Impeded 3 | . . . . . . . . . . . . 1 . 1 . . . . 1 . . . . . . . . . . . . . . . . . Haulers Reinforced 5 | . . . . . . . . . . . . 1 . . . . . 2 . . . . . . . . . . . . 1 1 . . . . Active Scanning Responses . | . . . . . . . . . . . . . . . . . . . . . . . . . . . . . . . . . . . . . Cargo Convoy Interrupts 2 | . . . . . . . . . . . . 1 . . . . . . . . . . . . . . . . . 1 . . . . . . Alert ID Control Effect 276 | . . . . . . . 2 3 12 24 9 17 18 10 15 12 . 21 6 1 . . 11 25 32 . 3 . 4 4 5 7 3 1 31 . Stealth | -11 -10 -10 -9 -9 -9 -8 -8 -8 -8 -7 -7 -6 -6 -6 -6 -5 -5 -5 -5 -5 -5 -5 -5 -4 -4 -4 -3 -3 -3 -2 -2 -2 -2 -1 -1 -1 --------- Run | Yrd Mat Min Mat Sto Gar Mat Gar Mat Gar Fac Gar Fac Gar Fac Gar Fac Was Fac Ext Cet Arc Hub Gar Fac Arm Lab Res Tes Gar Res Qua Sec Gar Acc Com Ac0 Distress Signals 47 | . 2 . 2 2 1 2 . . . . . . . . . 1 . . 4 . . . . . 1 . 6 2 . 4 1 3 . . 16 . Communications Jammed 1869 | . . . . . . . . . . . . 191 . . . 1 . 33 9 238 . 58 . 62 797 . . . . . 241 43 . 85 111 . Distress Signals 1867 | . . . . . . . . . . . . 191 . . . 1 . 32 9 238 . 57 . 62 797 . . . . . 241 43 . 85 111 . Times Spotted 1129 | . 14 5 21 27 30 28 20 8 28 47 32 65 39 13 22 28 6 60 22 10 7 22 35 59 117 . 43 32 35 22 28 51 37 18 63 35 Peak Tracking Total 14 | . 3 3 5 8 12 6 4 4 4 5 3 12 6 3 3 4 2 4 3 5 2 4 5 5 10 . 6 6 10 7 5 10 14 4 8 6 Tactical Retreats 37 | . 1 . 1 2 . 2 . . 1 . 2 1 . 2 . 1 . 2 . . . 1 4 . 5 . 1 1 . . 3 2 . . 3 2 Traps | -11 -10 -10 -9 -9 -9 -8 -8 -8 -8 -7 -7 -6 -6 -6 -6 -5 -5 -5 -5 -5 -5 -5 -5 -4 -4 -4 -3 -3 -3 -2 -2 -2 -2 -1 -1 -1 ------- Run | Yrd Mat Min Mat Sto Gar Mat Gar Mat Gar Fac Gar Fac Gar Fac Gar Fac Was Fac Ext Cet Arc Hub Gar Fac Arm Lab Res Tes Gar Res Qua Sec Gar Acc Com Ac0 Traps Triggered 86 | . 1 . 1 1 4 2 . . 7 1 8 3 11 . 3 2 . 4 5 . . 3 11 . 11 . 3 . 2 . . 1 1 . 1 . Indirectly 1 | . . . . . . . . . . . . . . . . . . . . . . . . . . . . . . . . . . . 1 . Trap Hack Attempts . | . . . . . . . . . . . . . . . . . . . . . . . . . . . . . . . . . . . . . Triggered . | . . . . . . . . . . . . . . . . . . . . . . . . . . . . . . . . . . . . . Disarmed 20 | . . . . 4 . . . 4 . . . . . . . . . . . . . . . . . . . . . . 6 6 . . . . Reprogrammed . | . . . . . . . . . . . . . . . . . . . . . . . . . . . . . . . . . . . . . Reused . | . . . . . . . . . . . . . . . . . . . . . . . . . . . . . . . . . . . . . Traps Extracted . | . . . . . . . . . . . . . . . . . . . . . . . . . . . . . . . . . . . . . Installed 4 | . . 4 . . . . . . . . . . . . . . . . . . . . . . . . . . . . . . . . . . Triggered 3 | . . . . . . 1 . . . . . . . . . . . . . . . . . . . . . . . 2 . . . . . . Machines | -11 -10 -10 -9 -9 -9 -8 -8 -8 -8 -7 -7 -6 -6 -6 -6 -5 -5 -5 -5 -5 -5 -5 -5 -4 -4 -4 -3 -3 -3 -2 -2 -2 -2 -1 -1 -1 ---------- Run | Yrd Mat Min Mat Sto Gar Mat Gar Mat Gar Fac Gar Fac Gar Fac Gar Fac Was Fac Ext Cet Arc Hub Gar Fac Arm Lab Res Tes Gar Res Qua Sec Gar Acc Com Ac0 Machines Disabled 171 | . . 1 . 5 3 1 4 . 5 1 5 5 3 12 5 3 . 12 4 1 2 7 5 17 14 1 1 15 8 . 6 5 9 2 4 5 Max in Single Turn 6 | . . 1 . 1 1 1 1 . 1 . 1 1 1 . 1 . . 1 1 1 1 1 1 6 1 1 1 2 1 . 1 1 1 . 1 1 Garrison Access 12 | . . . . . . . . . . 3 . 1 . 1 . . . 2 . . . . . 1 . . 2 . . 1 1 . . . . . Garrison Relay 37 | . . . . . 3 . 3 . 5 . 4 . 3 . 5 . . . . . . . 5 . . . . . 4 . . . 5 . . . Phase Generator 1 | . . . . . . . . . . . . . . . . . . . . . . . . . . . . . . . . . . . 1 . Network Hub 2 | . . . . . . . . . . . . . . . . . . . . . . 2 . . . . . . . . . . . . . . Energy Cycler 1 | . . . . . . . . . . . . . . . . . . . 1 . . . . . . . . . . . . . . . . . Machines Repaired . | . . . . . . . . . . . . . . . . . . . . . . . . . . . . . . . . . . . . . Machines Dismantled 8 | . . . . 1 . . 1 . . . . . . . . . . . 2 1 . 1 . . 1 1 . . . . . . . . . . Machines Sabotaged . | . . . . . . . . . . . . . . . . . . . . . . . . . . . . . . . . . . . . . Overloaded Fab Kills . | . . . . . . . . . . . . . . . . . . . . . . . . . . . . . . . . . . . . . Hacking | -11 -10 -10 -9 -9 -9 -8 -8 -8 -8 -7 -7 -6 -6 -6 -6 -5 -5 -5 -5 -5 -5 -5 -5 -4 -4 -4 -3 -3 -3 -2 -2 -2 -2 -1 -1 -1 --------- Run | Yrd Mat Min Mat Sto Gar Mat Gar Mat Gar Fac Gar Fac Gar Fac Gar Fac Was Fac Ext Cet Arc Hub Gar Fac Arm Lab Res Tes Gar Res Qua Sec Gar Acc Com Ac0 Machines Accessed 267 | . 10 . 9 12 2 14 3 5 2 24 2 15 2 9 3 4 . 23 11 . . 10 2 14 15 1 6 11 2 8 13 17 2 11 5 . Terminals 181 | . 8 . 7 10 2 10 3 3 2 10 2 6 2 6 3 4 . 10 11 . . 9 2 6 11 . 2 7 2 5 9 13 2 9 5 . Fabricators 20 | . . . . . . . . . . 5 . 2 . 1 . . . 5 . . . . . 3 3 . . . . . . . . 1 . . Repair Stations 22 | . . . 1 . . . . 1 . 2 . 2 . . . . . 3 . . . . . 3 1 . 1 2 . 1 2 2 . 1 . . Recycling Units 9 | . 2 . . 1 . 1 . . . 2 . 2 . . . . . 1 . . . . . . . . . . . . . . . . . . Scanalyzers 13 | . . . 1 . . 2 . . . 1 . 1 . . . . . 2 . . . . . 1 . . 1 1 . 1 1 1 . . . . Garrison Access 21 | . . . . 1 . 1 . 1 . 4 . 2 . 2 . . . 2 . . . 1 . 1 . . 2 1 . 1 1 1 . . . . Total Hacks 854 | . 32 . 25 37 3 37 5 15 3 67 4 41 5 27 9 8 . 66 26 . . 33 7 58 70 1 21 43 9 25 62 54 7 35 19 . Successful 490 | . 21 . 16 22 1 22 2 9 . 42 2 22 1 19 4 4 . 29 12 . . 19 3 32 37 1 13 18 4 19 42 38 4 23 9 . Failed 364 | . 11 . 9 15 2 15 3 6 3 25 2 19 4 8 5 4 . 37 14 . . 14 4 26 33 . 8 25 5 6 20 16 3 12 10 . Catastrophic 63 | . . . 3 1 1 3 1 . 1 2 . 2 1 . 3 1 . 8 3 . . . . 3 8 . 3 6 4 . 4 4 . 1 . . Database Lockouts . | . . . . . . . . . . . . . . . . . . . . . . . . . . . . . . . . . . . . . Manual 464 | . 23 . 12 25 2 23 2 10 . 36 . 21 . 17 6 4 . 18 13 1 . 21 5 22 45 . 9 24 8 7 30 33 4 27 16 . Terminals 606 | . 30 . 21 32 3 26 5 11 3 33 4 14 5 21 9 8 . 26 26 . . 32 7 27 52 . 11 30 9 15 46 42 7 32 19 . Fabricators 73 | . . . . . . . . . . 16 . 8 . 3 . . . 14 . . . . . 15 15 . . . . . . . . 2 . . Repair Stations 68 | . . . 2 . . . . 3 . 5 . 3 . . . . . 9 . . . . . 10 3 . 1 7 . 5 12 7 . 1 . . Recycling Units 27 | . 2 . . 4 . 6 . . . 5 . 6 . . . . . 4 . . . . . . . . . . . . . . . . . . Scanalyzers 51 | . . . 2 . . 4 . . . 2 . 7 . . . . . 11 . . . . . 5 . . 5 5 . 3 3 4 . . . . Garrison Access 28 | . . . . 1 . 1 . 1 . 6 . 3 . 3 . . . 2 . . . 1 . 1 . . 4 1 . 2 1 1 . . . . Terminal Hacks 143 | . 8 . 5 6 1 6 2 4 . 6 2 . 1 5 3 3 . 5 3 . . 8 2 4 17 1 1 4 4 5 12 11 4 6 4 . Record 2 | . . . . . . . . . . . . . . . . . . . . . . . . . 1 1 . . . . . . . . . . Part Schematic 4 | . . . . . . . . . . . . . . . . . . . . . . 1 . . 1 . . . . . 2 . . . . . Robot Schematic 3 | . . . . . . . . . . 2 . . . 1 . . . . . . . . . . . . . . . . . . . . . . Robot Analysis 2 | . 1 . . . . . . . . . . . . . . . . . . . . . . . . . . . . . 1 . . . . . Prototype ID Bank 9 | . 2 . 2 . . 1 . 1 . 1 . . . . . . . . . . . . . . . . . . . . 1 1 . . . . Open Door 18 | . . . . 2 . . . . . . 1 . 1 . . . . . 1 . . . 1 . 2 . . 1 . 1 . 3 1 3 1 . Branch Access Points 4 | . . . . . . . . . . . . . . . . 1 . 1 . . . . . 1 . . . . . 1 . . . . . . Emergency Access Points 4 | . . . . . . . . . . . 1 . . . 1 . . . . . . . 1 . . . . . . . . . 1 . . . Machine Index 2 | . . . . . . . . . . . . . . 1 . . . . . . . . . . . . . . . . 1 . . . . . Terminal Index 6 | . 1 . . 1 . . . . . . . . . 1 . . . 1 . . . . . . 1 . . . . . . . . . 1 . Fabricator Index 1 | . . . . . . . . . . . . . . . . 1 . . . . . . . . . . . . . . . . . . . . Garrison Index 1 | . . . . . . . . . . . . . . . . . . . . . . 1 . . . . . . . . . . . . . . Unreport Threat 22 | . . . . . . 1 . 1 . 1 . . . 1 . 1 . 1 1 . . 1 . . 3 . . 2 2 1 2 3 . 1 . . Locate Traps 22 | . 2 . 1 2 . 2 . 1 . . . . . 1 . . . 1 1 . . 1 . . 4 . . . . 2 2 1 . . 1 . Disarm Traps 4 | . . . . 1 . . . 1 . . . . . . . . . . . . . . . . . . . . . . 1 1 . . . . Recall Investigation 1 | . . . . . . . . . . . . . . . . . . . . . . . . . 1 . . . . . . . . . . . Recall Extermination 5 | . . . . . . . . . . . . . . . . . . . . . . . . 1 . . . . . . 2 1 . 1 . . Recall Assault 1 | . . . . . . . . . . . . . . . . . . . . . . . . . . . . . . . . . . 1 . . Hauler Manifests 1 | . . . 1 . . . . . . . . . . . . . . . . . . . . . . . . . . . . . . . . . Zone Layout 22 | . 2 . 1 . . 2 . . . 2 . . . . . . . 1 . . . 4 . 2 4 . 1 1 . . . 1 . . 1 . Garrison Registry 5 | . . . . . 1 . 1 . . . . . . . 1 . . . . . . . . . . . . . 1 . . . 1 . . . Patrol Navigation 2 | . . . . . . . . . . . . . . . 1 . . . . . . . . . . . . . . . . . 1 . . . Security Stations 2 | . . . . . . . 1 . . . . . . . . . . . . . . . . . . . . . 1 . . . . . . . Fabricator Hacks 38 | . . . . . . . . . . 8 . 6 . 2 . . . 5 . . . . . 8 7 . . . . . . . . 2 . . Network Status 5 | . . . . . . . . . . 1 . 1 . . . . . 1 . . . . . 1 1 . . . . . . . . . . . Load Schematic 19 | . . . . . . . . . . 4 . 3 . 1 . . . 3 . . . . . 4 3 . . . . . . . . 1 . . Build 14 | . . . . . . . . . . 3 . 2 . 1 . . . 1 . . . . . 3 3 . . . . . . . . 1 . . Repair Station Hacks 37 | . . . 2 . . . . 2 . 3 . . . . . . . 1 . . . . . 5 2 . . 2 . 4 10 6 . . . . Scan Component 20 | . . . 1 . . . . 1 . 2 . . . . . . . 1 . . . . . 3 1 . . 1 . 2 5 3 . . . . Repair 17 | . . . 1 . . . . 1 . 1 . . . . . . . . . . . . . 2 1 . . 1 . 2 5 3 . . . . Recycling Unit Hacks 5 | . . . . 2 . 1 . . . . . 1 . . . . . 1 . . . . . . . . . . . . . . . . . . Retrieve Components 5 | . . . . 2 . 1 . . . . . 1 . . . . . 1 . . . . . . . . . . . . . . . . . . Scanalyzer 29 | . . . 1 . . 2 . . . 2 . 2 . . . . . 6 . . . . . 2 . . 5 3 . 3 2 1 . . . . Insert Component 21 | . . . 1 . . 1 . . . 1 . 2 . . . . . 3 . . . . . 1 . . 5 3 . 2 1 1 . . . . Analyze 8 | . . . . . . 1 . . . 1 . . . . . . . 3 . . . . . 1 . . . . . 1 1 . . . . . Garrison Access Hacks 28 | . . . . 1 . 1 . 1 . 6 . 3 . 3 . . . 2 . . . 1 . 1 . . 4 1 . 2 1 1 . . . . Unlock Access 9 | . . . . 1 . 1 . 1 . 1 . 1 . 1 . . . . . . . 1 . . . . . 1 . . . 1 . . . . Seal Access 12 | . . . . . . . . . . 3 . 1 . 1 . . . 2 . . . . . 1 . . 2 . . 1 1 . . . . . Coupler Status 7 | . . . . . . . . . . 2 . 1 . 1 . . . . . . . . . . . . 2 . . 1 . . . . . . Unauthorized Hacks 209 | . 13 . 8 13 . 12 . 2 . 17 . 10 . 9 1 1 . 9 9 . . 10 1 12 11 . 3 8 . 5 17 18 . 15 5 . Terminals 166 | . 11 . 8 11 . 8 . 1 . 10 . 5 . 9 1 1 . 2 9 . . 10 1 6 10 . 3 7 . 4 14 16 . 14 5 . Track 34 | . 2 . 1 1 . . . . . 1 . 1 . 1 1 . . . . . . 3 . 1 2 . 1 3 . 1 3 5 . 4 3 . Assimilate 12 | . 1 . . 2 . . . . . 1 . . . . . . . . 1 . . . . 2 . . . 2 . . 2 1 . . . . Botnet 37 | . 2 . 1 2 . 2 . 1 . 2 . 2 . 2 . 1 . 2 2 . . 1 1 2 2 . 2 1 . 3 1 2 . 2 1 . Disrupt 1 | . . . . . . . . . . . . . . . . . . . . . . . . . . . . . . . . 1 . . . . Operators 15 | . 1 . 1 1 . 1 . . . 1 . . . 1 . . . . 1 . . 1 . 1 1 . . 1 . . . 1 . 2 1 . Skim 67 | . 5 . 5 5 . 5 . . . 5 . 2 . 5 . . . . 5 . . 5 . . 5 . . . . . 8 6 . 6 . . Fabricators 12 | . . . . . . . . . . 4 . 1 . . . . . 2 . . . . . 4 1 . . . . . . . . . . . Prioritize 3 | . . . . . . . . . . 1 . 1 . . . . . . . . . . . 1 . . . . . . . . . . . . Liberate 2 | . . . . . . . . . . . . . . . . . . . . . . . . 1 1 . . . . . . . . . . . Haulers 4 | . . . . . . . . . . 2 . . . . . . . 1 . . . . . 1 . . . . . . . . . . . . Recompile 3 | . . . . . . . . . . 1 . . . . . . . 1 . . . . . 1 . . . . . . . . . . . . Repair Stations 12 | . . . . . . . . 1 . 1 . 1 . . . . . 2 . . . . . 2 . . . . . 1 2 1 . 1 . . Mechanics 9 | . . . . . . . . 1 . 1 . 1 . . . . . . . . . . . 2 . . . . . . 2 1 . 1 . . Patch 3 | . . . . . . . . . . . . . . . . . . 2 . . . . . . . . . . . 1 . . . . . . Recycling Units 16 | . 2 . . 2 . 4 . . . 2 . 3 . . . . . 3 . . . . . . . . . . . . . . . . . . Monitor 1 | . . . . . . 1 . . . . . . . . . . . . . . . . . . . . . . . . . . . . . . Reject 6 | . . . . 1 . 1 . . . 1 . 2 . . . . . 1 . . . . . . . . . . . . . . . . . . Recyclers 2 | . . . . . . 1 . . . . . . . . . . . 1 . . . . . . . . . . . . . . . . . . Mask 5 | . . . . 1 . 1 . . . 1 . 1 . . . . . 1 . . . . . . . . . . . . . . . . . . Tunnel 2 | . 2 . . . . . . . . . . . . . . . . . . . . . . . . . . . . . . . . . . . Scanalyzers 3 | . . . . . . . . . . . . . . . . . . . . . . . . . . . . 1 . . 1 1 . . . . Researchers 3 | . . . . . . . . . . . . . . . . . . . . . . . . . . . . 1 . . 1 1 . . . . Garrison Access . | . . . . . . . . . . . . . . . . . . . . . . . . . . . . . . . . . . . . . Data Cores Recovered 2 | . . . . . . . . . . 1 . . . . . . . . . . . . . . . . . . . . . . . . 1 . Used . | . . . . . . . . . . . . . . . . . . . . . . . . . . . . . . . . . . . . . Hacking Detections 217 | . 8 . 9 10 2 12 3 5 2 20 1 13 1 8 3 4 . 20 10 . . 9 1 10 12 . 5 8 1 7 9 12 1 8 3 . Full Trace Events 8 | . . . . . . 1 . . . 1 . . . 1 . . . 2 . . . . . 1 1 . . . . . . . . 1 . . Feedback Events 1 | . . . . . . . . . . . . . . . . . . 1 . . . . . . . . . . . . . . . . . . Corruption 1 | . . . . . . . . . . . . . . . . . . 1 . . . . . . . . . . . . . . . . . . Feedback Blocked . | . . . . . . . . . . . . . . . . . . . . . . . . . . . . . . . . . . . . . Robot Schematics Acquired 9 | . . . . . . . . . . 2 . . . 1 . . . . . . . . . . . . . 2 . . . 3 1 . . . Robots Built 22 | . . . . . . . . . . 6 . 4 . 2 . . . 2 . . . . . 6 2 . . . . . . . . . . . Authchips 7 | . . . . . . . . . . 2 . 2 . . . . . 1 . . . . . 2 . . . . . . . . . . . . Time 785 | . . . . . . . . . . 250 . 100 . 67 . . . 67 . . . . . 167 134 . . . . . . . . . . . Total Robot Build Rating 86 | . . . . . . . . . . 22 . 16 . 8 . . . 8 . . . . . 24 8 . . . . . . . . . . . Part Schematics Acquired 23 | . . . . . . 1 . . . 1 . . . . . . . 2 . . . 1 . 1 1 . . . . 1 7 7 1 . . . Parts Built 5 | . . . . . . . . . . . . . . . . . . . . . . . . . 3 . . . . . . . . 2 . . Authchips 2 | . . . . . . . . . . . . . . . . . . . . . . . . . 2 . . . . . . . . . . . Time 83 | . . . . . . . . . . . . . . . . . . . . . . . . . 59 . . . . . . . . 24 . . Total Part Build Rating 18 | . . . . . . . . . . . . . . . . . . . . . . . . . 12 . . . . . . . . 6 . . Parts Repaired 17 | . . . 1 . . . . 1 . 1 . . . . . . . . . . . . . 2 1 . . 1 . 2 5 3 . . . . Time 669 | . . . 19 . . . . 32 . 32 . . . . . . . . . . . . . 95 40 . . 18 . 88 236 109 . . . . Parts Recycled . | . . . . . . . . . . . . . . . . . . . . . . . . . . . . . . . . . . . . . Recycled Matter . | . . . . . . . . . . . . . . . . . . . . . . . . . . . . . . . . . . . . . Retrieved Matter . | . . . . . . . . . . . . . . . . . . . . . . . . . . . . . . . . . . . . . Retrieved Components 6 | . . . . 1 . 2 . . . . . . . . . . . 3 . . . . . . . . . . . . . . . . . . Parts Scanalyzed 8 | . . . 1 . . . . . . 1 . 1 . . . . . 3 . . . . . . . . . . . 1 1 . . . . . Part Schematics Acquired 7 | . . . . . . 1 . . . 1 . . . . . . . 2 . . . . . 1 . . . . . 1 1 . . . . . Parts Damaged 3 | . . . 1 . . . . . . . . 1 . . . . . 1 . . . . . . . . . . . . . . . . . . Bothacking | -11 -10 -10 -9 -9 -9 -8 -8 -8 -8 -7 -7 -6 -6 -6 -6 -5 -5 -5 -5 -5 -5 -5 -5 -4 -4 -4 -3 -3 -3 -2 -2 -2 -2 -1 -1 -1 ------------ Run | Yrd Mat Min Mat Sto Gar Mat Gar Mat Gar Fac Gar Fac Gar Fac Gar Fac Was Fac Ext Cet Arc Hub Gar Fac Arm Lab Res Tes Gar Res Qua Sec Gar Acc Com Ac0 Used RIF Installer 12 | . . . . . 1 . 2 . 2 . 1 . 1 . 2 . . . . . . . 1 . . . . . 1 . . . 1 . . . Code Merge 1 | . . . . . . . . . 1 . . . . . . . . . . . . . . . . . . . . . . . . . . . Command Fork 3 | . . . . . . . . . . . 1 . 1 . . . . . . . . . 1 . . . . . . . . . . . . . Signal Jammer 1 | . . . . . . . 1 . . . . . . . . . . . . . . . . . . . . . . . . . . . . . Zone Cloak 1 | . . . . . . . . . . . . . . . 1 . . . . . . . . . . . . . . . . . . . . . Watcher Feeds 1 | . . . . . . . . . 1 . . . . . . . . . . . . . . . . . . . . . . . . . . . Patrol Navigation 1 | . . . . . . . . . . . . . . . . . . . . . . . . . . . . . 1 . . . . . . . Alert ID Control 1 | . . . . . . . 1 . . . . . . . . . . . . . . . . . . . . . . . . . . . . . Program Shield 1 | . . . . . . . . . . . . . . . . . . . . . . . . . . . . . . . . . 1 . . . Autooverride 1 | . . . . . . . . . . . . . . . 1 . . . . . . . . . . . . . . . . . . . . . Robots Hacked 304 | . . . . . 1 3 7 7 17 25 17 28 15 8 9 11 3 24 10 . . 5 17 20 13 . 5 1 7 6 6 6 13 9 11 . Non-combat 55 | . . . . . . . . 4 . 9 . 10 . 2 . 4 . 5 . . . . . 6 3 . 1 . . 1 3 3 . 3 1 . Combat 249 | . . . . . 1 3 7 3 17 16 17 18 15 6 9 7 3 19 10 . . 5 17 14 10 . 4 1 7 5 3 3 13 6 10 . Autooverrided 33 | . . . . . . . . . . . . . . . 1 2 . 4 2 . . 2 3 2 6 . 2 . . 1 . . 2 . 6 . Robot Hacks Applied 330 | . . . . . 1 5 7 11 17 30 17 35 16 11 9 15 3 22 9 . . 3 17 22 11 . 3 1 7 5 8 16 11 10 8 . parse_system 35 | . . . . . . . . 1 . 1 1 6 2 . 2 . . 4 2 . . . 5 1 1 . 2 1 . . 1 1 1 1 2 . deconstruct_machine 3 | . . . . . . . . . . 1 . 1 . . . . . . . . . . . 1 . . . . . . . . . . . . ignore_repairs 16 | . . . . . . . . . . 2 . 1 . . . 1 . 4 . . . . . 1 . . 1 . . 1 4 . . 1 . . find_fabricator 4 | . . . . . . . . . . 1 . 1 . . . 1 . . . . . . . 1 . . . . . . . . . . . . drop_inventory 8 | . . . . . . . . 2 . 2 . 2 . . . 1 . . . . . . . 1 . . . . . . . . . . . . recall_reinforcements 2 | . . . . . . . . . . . . 1 . . . . . . . . . . . . . . . . . . . 1 . . . . find_recycling 1 | . . . . . . . . . . 1 . . . . . . . . . . . . . . . . . . . . . . . . . . ignore_parts 5 | . . . . . . . . . . 2 . . . . . . . . . . . . . . . . . . . . . 3 . . . . purge_threat 15 | . . . . . . . . 3 . . . 1 . 3 . 4 . . . . . . . 3 . . . . . . . . . . 1 . disarm_traps 1 | . . . . . . . . . . 1 . . . . . . . . . . . . . . . . . . . . . . . . . . block_reporting 4 | . . . . . . . . . . 1 . 1 . . . 1 . . . . . . . . . . . . . . . . . . 1 . map_route 2 | . . . . . . . . . . . . 1 . . . 1 . . . . . . . . . . . . . . . . . . . . redirect_shields 1 | . . . . . . . . . . . . . . . . . . . . . . . . . 1 . . . . . . . . . . . disable_scanner 1 | . . . . . . . . . . . . . . . . . . . . . . . . . . . . . . . . 1 . . . . report_analyses 8 | . . . . . . . . . . . . . . . . . . . . . . . . . . . . . . . . 8 . . . . ignore_targets 3 | . . . . . . . . . . . . . . . . . 3 . . . . . . . . . . . . . . . . . . . find_garrison 1 | . . . . . . 1 . . . . . . . . . . . . . . . . . . . . . . . . . . . . . . scatter_targeting 1 | . . . . . . . . . . . . . . . . . . . . . . . 1 . . . . . . . . . . . . . spike_heat 7 | . . . . . . . . . . . . . 1 . . . . . 1 . . . 2 2 1 . . . . . . . . . . . amplify_resonance 22 | . . . . . . . 1 . . 2 2 4 . . 1 1 . 4 . . . . 1 1 2 . . . . . . . 2 1 . . wipe_record 1 | . . . . . . . . . . . . . . . . . . . . . . 1 . . . . . . . . . . . . . . reboot_system 25 | . . . . . . 1 . . 6 2 5 1 3 1 . . . . 1 . . 1 1 1 . . . . . 1 . . 1 . . . overwrite_iff 49 | . . . . . . 3 3 2 2 3 4 6 2 . 3 3 . 4 1 . . 1 2 3 1 . . . 1 1 . . 3 1 . . streamctrl_low 2 | . . . . . . . . . . . . 1 . . . 1 . . . . . . . . . . . . . . . . . . . . streamctrl_high 6 | . . . . . . . . . . 2 2 . . . 1 1 . . . . . . . . . . . . . . . . . . . . formatsys_low 15 | . . . . . . . . 2 . 1 . 2 . 2 . . . . . . . . . 2 1 . . . . . 1 2 . 2 . . formatsys_high 92 | . . . . . 1 . 3 1 9 8 3 6 8 5 2 . . 6 4 . . . 5 5 4 . . . 6 2 2 . 4 4 4 . Relay Couplers Released 164 | . . . . . 14 . 15 . 17 7 15 . 15 1 20 . . 2 . . . . 19 2 . . 2 . 14 . 2 . 19 . . . Machine Destruction 158 | . . . . . 14 . 12 . 17 7 15 . 12 1 20 . . 2 . . . . 19 2 . . 2 . 14 . 2 . 19 . . . Programmers 6 | . . . . . . . 3 . . . . . 3 . . . . . . . . . . . . . . . . . . . . . . . Attached 94 | . . . . . 1 1 4 2 11 4 5 7 6 5 5 3 . 3 1 . . 1 5 5 4 . 1 . 6 1 . 1 6 . 6 . Merged Code Value 228 | . . . . . . . . . 32 25 7 . 39 . 53 . . . . . . . 22 . . . . . 12 . . . 35 . 3 . Fabnet Peak Effective % . | . . . . . . . . . . . . . . . . . . . . . . . . . . . . . . . . . . . . . Robots Rewired 31 | . . . . . 3 . . . . . . . 4 . . . . . 14 . . . 4 . . . 1 1 2 . . . 2 . . . Allies Hacked 19 | . . . . . . . . . . . 4 4 1 . . 1 . . . . . . . 5 1 . . . . . 2 . . . 1 . Hacks Repelled 2 | . . . . . . . . . . . . 2 . . . . . . . . . . . . . . . . . . . . . . . . Allies | -11 -10 -10 -9 -9 -9 -8 -8 -8 -8 -7 -7 -6 -6 -6 -6 -5 -5 -5 -5 -5 -5 -5 -5 -4 -4 -4 -3 -3 -3 -2 -2 -2 -2 -1 -1 -1 -------- Run | Yrd Mat Min Mat Sto Gar Mat Gar Mat Gar Fac Gar Fac Gar Fac Gar Fac Was Fac Ext Cet Arc Hub Gar Fac Arm Lab Res Tes Gar Res Qua Sec Gar Acc Com Ac0 Total Allies 358 | . 1 . . 11 4 2 8 5 13 21 16 24 19 10 12 9 . 21 26 5 . 3 17 30 29 . 3 2 13 5 6 4 16 11 12 . Largest Group 20 | . 1 . . 11 8 1 4 5 6 13 18 16 13 17 18 16 5 6 20 14 11 9 6 11 10 3 3 2 6 4 5 3 9 5 12 . Highest-Rated Group 1274 | . 10 . . 98 72 16 81 97 116 332 557 525 435 501 686 660 171 209 829 837 678 627 400 540 481 237 237 190 462 154 343 395 379 409 1274 . Highest-Rated Ally 343 | . 10 . . 16 21 16 25 25 31 37 62 85 51 51 85 85 57 49 159 159 96 96 119 116 143 137 137 164 164 64 343 343 119 119 216 . Total Orders 367 | . . . . . . 2 4 4 34 32 16 13 13 2 29 7 1 1 4 . . 4 3 14 44 3 3 5 8 . 7 11 2 10 49 42 STAY 153 | . . . . . . 1 2 1 17 15 8 3 6 . 14 . . . 2 . . 3 2 2 22 2 . 3 4 . 3 5 1 5 32 . ROAM 10 | . . . . . . . . . . . . . . 1 . . . . 1 . . . . 2 1 . . . . . 1 1 . . . 3 FOLLOW 80 | . . . . . . 1 2 1 10 9 4 3 3 . 7 . . . 1 . . . 1 2 6 1 1 2 4 . 3 5 1 2 6 5 AID 64 | . . . . . . . . 2 7 8 4 7 4 1 8 2 1 1 . . . . . 1 2 . 2 . . . . . . 3 11 . EXPLORE 46 | . . . . . . . . . . . . . . . . 5 . . . . . . . 7 12 . . . . . . . . . . 22 RETURN 14 | . . . . . . . . . . . . . . . . . . . . . . 1 . . 1 . . . . . . . . . . 12 Ally Attacks 2625 | . . . . 25 73 13 17 28 55 133 101 224 163 60 117 158 44 117 128 57 20 59 106 180 213 . 26 3 64 49 40 42 35 47 228 . Total Damage 75357 | . . . . 211 831 240 250 569 767 2688 2308 6370 2572 1643 2925 3550 1599 3413 3203 1691 684 1908 2463 5350 7555 . 930 102 3154 941 688 1971 904 2392 11485 . Kills 499 | . . . . 6 15 5 3 8 17 33 21 46 24 15 29 34 4 28 21 9 3 7 15 34 38 . 4 . 16 6 5 7 5 10 31 . Allies Corrupted 15 | . . . . . . . . . . . . . . . . 1 . . 1 . . 1 . 1 4 . . 1 . . . . 1 2 3 . Allies Melted 3 | . . . . . . . . . . . . . . . . . . . . . . . . . . . . . 2 . . 1 . . . . Intel | -11 -10 -10 -9 -9 -9 -8 -8 -8 -8 -7 -7 -6 -6 -6 -6 -5 -5 -5 -5 -5 -5 -5 -5 -4 -4 -4 -3 -3 -3 -2 -2 -2 -2 -1 -1 -1 ------- Run | Yrd Mat Min Mat Sto Gar Mat Gar Mat Gar Fac Gar Fac Gar Fac Gar Fac Was Fac Ext Cet Arc Hub Gar Fac Arm Lab Res Tes Gar Res Qua Sec Gar Acc Com Ac0 Robot Analysis Total 2 | . 1 . . . . . . . . . . . . . . . . . . . . . . . . . . . . . 1 . . . . . Derelict Logs Recovered 1 | . . 1 . . . . . . . . . . . . . . . . . . . . . . . . . . . . . . . . . . Drone Launches 53 | . . . . . . . . . . . . . . . . 6 . . . . . 3 . 7 20 . . . . . . . . . . 17 Drone Recoveries 42 | . . . . . . . . . . . . . . . . 2 . . . . . 1 . 5 18 . . . . . . . . . . 16 Exploration | -11 -10 -10 -9 -9 -9 -8 -8 -8 -8 -7 -7 -6 -6 -6 -6 -5 -5 -5 -5 -5 -5 -5 -5 -4 -4 -4 -3 -3 -3 -2 -2 -2 -2 -1 -1 -1 ------------- Run | Yrd Mat Min Mat Sto Gar Mat Gar Mat Gar Fac Gar Fac Gar Fac Gar Fac Was Fac Ext Cet Arc Hub Gar Fac Arm Lab Res Tes Gar Res Qua Sec Gar Acc Com Ac0 Turns Passed 59444 | 282 1909 1359 1472 1615 1175 1998 981 174 2019 3068 1536 2076 1504 802 1635 830 265 3050 1476 364 1226 1398 1849 1859 3307 977 2704 1625 1084 1183 1753 2415 1312 1364 4967 831 Spaces Moved 29874 | 116 940 793 695 531 578 1032 499 83 1079 1881 825 1131 671 486 976 454 95 1634 849 159 376 696 863 945 1521 439 1362 799 499 563 835 1195 634 596 2716 328 Core 37 | 7 . . . . . . . . . . . . . . . . . . . . 30 . . . . . . . . . . . . . . . Treads 16082 | 109 940 793 695 531 183 22 2 . 6 . 15 37 126 . . . . . . . . . 283 945 1521 439 1362 799 499 563 835 1183 630 596 2716 252 Legs . | . . . . . . . . . . . . . . . . . . . . . . . . . . . . . . . . . . . . . Wheels 13663 | . . . . . 395 1010 497 83 1073 1881 810 1094 545 486 976 454 95 1634 849 159 346 696 580 . . . . . . . . . . . . . Hover . | . . . . . . . . . . . . . . . . . . . . . . . . . . . . . . . . . . . . . Flight . | . . . . . . . . . . . . . . . . . . . . . . . . . . . . . . . . . . . . . Fastest Speed 50 | 50 160 160 160 160 135 135 145 145 145 145 141 150 150 150 150 150 150 126 141 145 145 145 145 160 152 152 152 155 166 161 158 160 160 160 143 143 Average Speed 159 | 153 160 160 161 223 153 150 151 158 145 147 152 156 176 150 150 157 168 156 143 159 299 152 161 160 152 152 170 160 177 162 165 160 160 160 158 143 Slowest Speed 2000 | 160 160 160 240 240 160 240 232 215 232 230 270 270 270 150 150 170 170 170 158 160 2000 160 240 160 232 152 237 166 246 238 246 163 160 160 240 143 Overloaded Moves . | . . . . . . . . . . . . . . . . . . . . . . . . . . . . . . . . . . . . . Propulsion Burnouts . | . . . . . . . . . . . . . . . . . . . . . . . . . . . . . . . . . . . . . Robots Hopped 1 | . . . . . . . . . . . . . . . . . . . . . . . . 1 . . . . . . . . . . . . Cave-ins Triggered . | . . . . . . . . . . . . . . . . . . . . . . . . . . . . . . . . . . . . . Teleports 4 | . . . . . . . . . . . . . . . . . . . . . . . . . . . . . . . 1 1 . . 1 1 Spacefolds 5 | . . . . . . . . . . . . . . . . . . . . . . . . . . . . . . . . 4 1 . . . Microwarps 8 | . . . . . . . . . . . . . . . . . . . . . . . . . . . . . . . . . . . . 8 Exploration Rate (%) 63 | 7 96 96 49 78 57 81 69 9 84 55 93 32 77 18 66 31 69 54 91 64 98 76 80 34 92 95 59 82 71 17 80 78 63 20 70 43 Regions Visited 36 Branch Regions 13 Pre-discovered Areas 21 | . 3 . 1 2 . 2 . . . 2 . . . 1 . . . . 3 . . 3 . . . . . . . . . 4 . . . . Known Exits Taken 17 | . . 1 . 1 . 1 . 1 . 1 . 1 . 1 . . . 1 . . . 1 . 1 1 1 1 1 . 1 1 1 . . . . Unknown Exits Taken 8 | 1 1 . 1 . . . . . . . . . . . . . . . 1 1 1 . . . . . . . . . . . . 1 1 . Scrap Searched 3 | . . 3 . . . . . . . . . . . . . . . . . . . . . . . . . . . . . . . . . . Spaces Dug 435 | . 5 . 26 10 6 24 24 . 26 3 5 4 17 3 11 5 . 11 . . . 21 14 25 49 . 16 16 5 8 18 21 11 14 33 4 Terrain Destroyed 1199 | . 5 21 26 10 11 49 24 . 26 4 5 6 17 3 11 5 1 16 2 . . 21 14 49 134 . 23 89 5 10 20 30 76 14 80 392 Melee 171 | . . . . . 4 16 9 . 18 . 2 1 17 3 11 3 . 9 . . . 18 14 . . . . . . . 11 12 11 8 4 . Projectile 511 | . 5 . 12 3 . 8 . . . 4 3 5 . . . 2 1 7 2 . . 3 . 38 62 . 23 16 5 10 9 18 3 6 52 214 AOE 327 | . . 21 14 7 7 25 15 . 8 . . . . . . . . . . . . . . 11 72 . . 73 . . . . 62 . 12 . Terrain Rammed . | . . . . . . . . . . . . . . . . . . . . . . . . . . . . . . . . . . . . . Walls Destroyed . | . . . . . . . . . . . . . . . . . . . . . . . . . . . . . . . . . . . . . Machines Disabled . | . . . . . . . . . . . . . . . . . . . . . . . . . . . . . . . . . . . . . Actions | -11 -10 -10 -9 -9 -9 -8 -8 -8 -8 -7 -7 -6 -6 -6 -6 -5 -5 -5 -5 -5 -5 -5 -5 -4 -4 -4 -3 -3 -3 -2 -2 -2 -2 -1 -1 -1 --------- Run | Yrd Mat Min Mat Sto Gar Mat Gar Mat Gar Fac Gar Fac Gar Fac Gar Fac Was Fac Ext Cet Arc Hub Gar Fac Arm Lab Res Tes Gar Res Qua Sec Gar Acc Com Ac0 Total 38015 | 162 1265 855 929 823 734 1334 644 115 1389 2111 1041 1341 911 545 1112 535 158 1944 1057 234 453 928 1172 1170 2229 684 1582 1043 655 738 1103 1504 810 961 3132 612 Wait 2701 | . 252 34 105 155 9 109 14 2 53 73 40 31 49 21 47 15 30 60 65 18 46 107 18 69 299 143 13 47 33 38 124 112 23 315 85 47 Move 29761 | 115 939 792 694 530 577 1032 498 83 1078 1880 823 1131 670 485 975 454 94 1633 848 158 375 695 862 942 1520 438 1361 799 498 562 834 1187 630 595 2715 259 Hop 1 | . . . . . . . . . . . . . . . . . . . . . . . . 1 . . . . . . . . . . . . Pick Up 590 | 9 11 3 21 12 11 26 18 3 38 20 18 13 16 5 13 6 . 25 5 5 2 8 19 14 35 11 21 29 11 10 18 17 19 4 47 47 Fast Attach 182 | 6 . . 1 1 3 3 3 1 7 4 2 5 1 . . . . 13 3 3 6 4 5 3 24 3 6 8 5 14 7 14 4 . 12 11 Attach 286 | 1 . . 5 . . 9 7 2 14 7 3 12 6 7 4 6 . 8 4 . . 3 11 14 24 3 16 8 3 4 7 6 10 2 30 50 Detach 105 | . . . 1 1 . 1 5 2 4 3 1 2 2 . 3 3 . 3 3 . 1 . 6 1 9 3 5 2 1 1 6 4 4 . 13 15 Swap 888 | . 13 5 26 31 26 62 28 2 31 22 30 31 14 3 7 11 6 65 12 10 3 25 42 19 74 1 44 48 22 22 27 30 29 15 31 21 Drop 549 | . 7 3 20 22 9 20 17 2 22 19 18 12 10 3 9 1 . 20 5 9 4 9 15 3 42 12 12 35 16 19 15 23 16 2 44 54 Fire 2037 | 31 38 14 55 58 52 43 26 15 77 70 53 88 46 17 18 35 28 87 45 17 5 27 73 98 191 . 98 67 64 68 37 73 46 20 149 108 Melee 423 | . . . . 3 22 29 19 2 34 . 6 3 33 4 20 3 . 28 10 6 11 46 40 . . . . . . . 27 36 28 8 5 . Ram 1 | . . . . . . . . . . . . 1 . . . . . . . . . . . . . . . . . . . . . . . . Kick . | . . . . . . . . . . . . . . . . . . . . . . . . . . . . . . . . . . . . . Crush 17 | . 5 . 1 . . . . . . . . . 2 . . . . . . . . . . 2 . . 5 . . . . 1 . . 1 . Escape Stasis 304 | . . . . 2 24 . . . 24 . 47 8 61 . 16 . . . 40 . . . 80 . . . . . 2 . . . . . . . Rewire 23 | . . . . . 1 . 1 1 3 . . 4 1 . . . . 2 1 . . . 1 4 . . 1 . . . 1 1 1 . . . Trap 4 | . . 4 . . . . . . . . . . . . . . . . . . . . . . . . . . . . . . . . . . Miscellaneous 143 | . . . . 8 . . 8 . 4 13 . . . . . 1 . . 16 8 . 4 . . 11 70 . . . . . . . . . . Route ------- -11/Scrapyard -10/Materials (discovered 6 exits: *Mat x3 / [*Min x2] / *Sub) -10/Mines (discovered 4 exits: *Mat x2 / Exi / Sub) -9/Materials (discovered 5 exits: *Mat x2 / *Min x2 / *Sto) -9/Storage (discovered 3 exits: *Mat / Rec / Gar) -9/Garrison (discovered 3 exits: *Mat x3) -8/Materials (discovered 4 exits: *Fac x3 / Gar) -8/Garrison (discovered 3 exits: *Mat x3) -8/Materials -8/Garrison (discovered 3 exits: *Fac x3) -7/Factory (discovered 6 exits: *Fac x3 / *Low x2 / Gar) -7/Garrison (discovered 3 exits: *Fac x3) -6/Factory (discovered 3 exits: *Fac / *Low / Gar) -6/Garrison (discovered 3 exits: *Fac x3) -6/Factory -6/Garrison (discovered 3 exits: *Fac x3) -5/Factory (discovered 5 exits: *Fac / *Upp x2 / Ext x2) -5/Waste -5/Factory (discovered 7 exits: *Fac x3 / *Upp x2 / *Ext x2) -5/Extension (discovered 3 exits: *Fac x2 / *Cet) -5/Cetus (discovered 2 exits: *Fac / [*Arc]) -5/Archives (discovered 3 exits: *Fac / *Hub x2) -5/Hub_04(d) (discovered 5 exits: *Fac x4 / Gar) -5/Garrison (discovered 3 exits: *Fac x3) -4/Factory (discovered 4 exits: *Res / Upp x2 / *Arm) -4/Armory (discovered 3 exits: *Res x2 / *Lab) -4/Lab -3/Research (discovered 4 exits: *Res x3 / *Tes) -3/Testing (discovered 2 exits: *Res / Gar) -3/Garrison (discovered 3 exits: *Res x3) -2/Research (discovered 2 exits: *Qua x2) -2/Quarantine (discovered 2 exits: Acc / *Sec) -2/Section 7 (discovered 2 exits: Acc / Gar) -2/Garrison (discovered 3 exits: *Acc x3) -1/Access (discovered 2 exits: Sur / *Com) -1/Command (discovered 3 exits: *Sur x2 / [*Ac0]) -1/Access_0 Near Former Tau Ceti IV History --------- Turn | Location | Event 6 | -11/Scrapyard | Discovered new exit (range 15) 283 | -11/Scrapyard | Entered Materials 303 | -10/Materials | Build established: Mutant 692 | -10/Materials | Discovered new exit (range 16) 735 | -10/Materials | Discovered new exit (range 16) 842 | -10/Materials | Discovered new exit (range 9) 983 | -10/Materials | Discovered new exit (range 8) 1247 | -10/Materials | Loaded intel: 11 interactive machine locations 1295 | -10/Materials | Identified exit to Materials 1332 | -10/Materials | Identified exit to Subcaves 1360 | -10/Materials | Learned location of 2 exits from Mines 1433 | -10/Materials | Learned Storage emergency access door positions 2192 | -10/Materials | Entered Mines 2194 | -10/Mines | Identified exit to Exiles 2252 | -10/Mines | Met a Derelict bent on vengeance 2269 | -10/Mines | Learned Materials terminal intel 2357 | -10/Mines | Deemed a non-threat by the Exiles lab entrance 2412 | -10/Mines | Found a damaged Exp. Sensor Array with a note attached 2415 | -10/Mines | Found Prototype Device 2758 | -10/Mines | Found a hidden stash of uninstalled traps 3551 | -10/Mines | Entered Materials 3551 | -9/Materials | Evolved 2 slots: Propulsion x1, Utility x1 3552 | -9/Materials | Identified exit to Mines 3553 | -9/Materials | Loaded intel: 12 terminal locations 3720 | -9/Materials | Discovered new exit (range 2) 4059 | -9/Materials | Build established: Scavenger-Mutant 4320 | -9/Materials | Identified Exp. Sensor Array 4408 | -9/Materials | Discovered new exit (range 11) 4463 | -9/Materials | Identified exit to Materials 4686 | -9/Materials | Repaired Imp. Heat Sink 4737 | -9/Materials | Learned location of 1 exit from Recycling 4804 | -9/Materials | Learned Storage garrison access intel 4914 | -9/Materials | Learned location of Zion (-6) 4957 | -9/Materials | Learned location of 1 exit from Recycling 4989 | -9/Materials | Loaded intel: 2 repair station locations 5023 | -9/Materials | Entered Storage 5024 | -9/Storage | Loaded intel: 1 garrison access location 5796 | -9/Storage | Destroyed 8 combat bots 5972 | -9/Storage | Assisted by bots powering up and referring to "LRC-V3" 6075 | -9/Storage | Discovered exit to Materials (range 10) 6293 | -9/Storage | Build established: Commander-Mutant 6428 | -9/Storage | Learned Recycling recycling unit intel 6494 | -9/Storage | Identified exit to Recycling 6514 | -9/Storage | Learned Materials emergency access door positions 6526 | -9/Storage | Learned Materials stockpile data 6623 | -9/Storage | First assault squad dispatched 6631 | -9/Storage | Identified exit to Garrison 6638 | -9/Storage | Entered Garrison 6638 | -9/Garrison | Accompanied by 8 allies 6828 | -9/Garrison | Triggered checkpoint 6836 | -9/Garrison | Triggered checkpoint 6849 | -9/Garrison | Triggered checkpoint 6878 | -9/Garrison | Lost 3 allies 6942 | -9/Garrison | Lost 5 allies 6946 | -9/Garrison | Triggered checkpoint 7005 | -9/Garrison | Installed Relay Interface Framework 7066 | -9/Garrison | Garrison Relay disabled 7169 | -9/Garrison | Build established: Scavenger-Mutant 7312 | -9/Garrison | Discovered exit to Materials (range 10) 7322 | -9/Garrison | Triggered checkpoint 7471 | -9/Garrison | Discovered exit to Materials (range 9) 7471 | -9/Garrison | Discovered exit to Materials (range 70) 7471 | -9/Garrison | Discovered exit to Materials (range 47) 7483 | -9/Garrison | Triggered checkpoint 7544 | -9/Garrison | Garrison Relay disabled 7688 | -9/Garrison | Triggered checkpoint 7712 | -9/Garrison | Garrison Relay disabled 7813 | -9/Garrison | Entered Materials 7813 | -8/Materials | Accompanied by 1 ally 7813 | -8/Materials | Evolved 2 slots: Propulsion x1, Utility x1 7889 | -8/Materials | Build established: Bothacker-Mutant 8344 | -8/Materials | Discovered new exit (range 16) 8662 | -8/Materials | Learned 12 Factory zone layouts 8730 | -8/Materials | Learned Storage emergency access door positions 8752 | -8/Materials | Learned Factory trap positions 8765 | -8/Materials | Learned location of 2 exits from Factory 8788 | -8/Materials | Identified exit to Factory 8823 | -8/Materials | Learned location of Lower Caves (-7) 9811 | -8/Materials | Identified exit to Garrison 9811 | -8/Materials | Entered Garrison 9897 | -8/Garrison | Triggered checkpoint 9921 | -8/Garrison | Garrison Relay disabled 9943 | -8/Garrison | Discovered new exit (range 80) 9943 | -8/Garrison | Discovered new exit (range 84) 9943 | -8/Garrison | Discovered new exit (range 33) 9970 | -8/Garrison | Learned Materials security intel 10021 | -8/Garrison | Triggered checkpoint 10045 | -8/Garrison | Triggered checkpoint 10132 | -8/Garrison | Garrison Relay disabled 10145 | -8/Garrison | Triggered checkpoint 10214 | -8/Garrison | Expanded RIF knowledge: Alert ID Control 10471 | -8/Garrison | Triggered checkpoint 10529 | -8/Garrison | Triggered checkpoint 10628 | -8/Garrison | Expanded RIF knowledge: Signal Jamming 10734 | -8/Garrison | Garrison Relay disabled 10780 | -8/Garrison | Rescued a captive Derelict 10790 | -8/Garrison | Rescued a captive Derelict 10792 | -8/Garrison | Entered Materials 10792 | -8/Materials | Accompanied by 4 allies 10861 | -8/Materials | Repaired Arm. Wheel? 10906 | -8/Materials | Garrison activated, responded to threat 10953 | -8/Materials | Lost 6 allies 10966 | -8/Materials | Identified exit to Garrison 10966 | -8/Materials | Entered Garrison 10966 | -8/Garrison | Accompanied by 2 allies 10985 | -8/Garrison | Expanded RIF knowledge: Watcher Feeds 11140 | -8/Garrison | Triggered checkpoint 11169 | -8/Garrison | Garrison Relay disabled 11302 | -8/Garrison | Triggered checkpoint 11326 | -8/Garrison | Triggered checkpoint 11328 | -8/Garrison | Triggered checkpoint 11459 | -8/Garrison | Spotted B-75 Beast 11482 | -8/Garrison | Build established: Botlord-Mutant 11498 | -8/Garrison | Lost 3 allies 11546 | -8/Garrison | Destroyed B-75 Beast 11573 | -8/Garrison | Lost 11 parts (1p5n3u2w) 11618 | -8/Garrison | Triggered checkpoint 11655 | -8/Garrison | Garrison Relay disabled 11683 | -8/Garrison | Garrison Relay disabled 11761 | -8/Garrison | Discovered exit to Factory (range 13) 12040 | -8/Garrison | Triggered checkpoint 12046 | -8/Garrison | Core integrity fell below 50% 12129 | -8/Garrison | Discovered exit to Factory (range 11) 12166 | -8/Garrison | Triggered checkpoint 12184 | -8/Garrison | Rescued a captive Derelict 12186 | -8/Garrison | Rescued a captive Derelict 12226 | -8/Garrison | Garrison Relay disabled 12469 | -8/Garrison | Discovered exit to Factory (range 13) 12480 | -8/Garrison | Triggered checkpoint 12747 | -8/Garrison | Expanded RIF knowledge: Code Merge 12765 | -8/Garrison | Garrison Relay disabled 12985 | -8/Garrison | Entered Factory 12985 | -7/Factory | Accompanied by 6 allies 12985 | -7/Factory | Evolved 2 slots: Utility x2 12986 | -7/Factory | Identified exit to Lower Caves 12987 | -7/Factory | Identified exit to Factory 12989 | -7/Factory | Loaded intel: 84 trap records 13144 | -7/Factory | Repaired Arm. Wheel? 13685 | -7/Factory | Fabricated H-55 Commando? 14444 | -7/Factory | Garrison activated, responded to threat 14567 | -7/Factory | Lost 3 allies 14757 | -7/Factory | Lost 7 allies 15372 | -7/Factory | Fabricated P-60 Hacker (x2) 15439 | -7/Factory | Fabricated P-60 Hacker? 15700 | -7/Factory | Learned location of Lower Caves (-7) 15757 | -7/Factory | Learned Extension emergency access door positions 15841 | -7/Factory | Learned location of 1 exit from Upper Caves 15869 | -7/Factory | Loaded intel: 6 fabricator locations 15913 | -7/Factory | Learned location of Extension (-5) 15950 | -7/Factory | Learned Hub_04(d) terminal intel 15996 | -7/Factory | Learned 4 Factory zone layouts 16031 | -7/Factory | Identified exit to Garrison 16053 | -7/Factory | Entered Garrison 16053 | -7/Garrison | Accompanied by 11 allies 16166 | -7/Garrison | Expanded RIF knowledge: Command Fork 16269 | -7/Garrison | Triggered checkpoint 16307 | -7/Garrison | Garrison Relay disabled 16332 | -7/Garrison | Rescued a captive Derelict 16334 | -7/Garrison | Rescued a captive Derelict 16515 | -7/Garrison | Triggered checkpoint 16538 | -7/Garrison | Hacker 4a assimilated hostile G-47 Trooper 16539 | -7/Garrison | Triggered checkpoint 16549 | -7/Garrison | Triggered checkpoint 16633 | -7/Garrison | Garrison Relay disabled 16673 | -7/Garrison | Triggered checkpoint 16683 | -7/Garrison | Discovered exit to Factory (range 13) 16737 | -7/Garrison | Lost 4 allies 17019 | -7/Garrison | Triggered checkpoint 17054 | -7/Garrison | Discovered exit to Factory (range 8) 17101 | -7/Garrison | Triggered checkpoint 17125 | -7/Garrison | Garrison Relay disabled 17353 | -7/Garrison | Triggered checkpoint 17402 | -7/Garrison | Garrison Relay disabled 17407 | -7/Garrison | Found embedded Infiltrators 17493 | -7/Garrison | Discovered exit to Factory (range 14) 17589 | -7/Garrison | Entered Factory 17589 | -6/Factory | Accompanied by 16 allies 17589 | -6/Factory | Evolved 2 slots: Utility x2 17590 | -6/Factory | Identified exit to Lower Caves 17887 | -6/Factory | Discovered new exit (range 15) 17983 | -6/Factory | Lost 8 allies 18052 | -6/Factory | Allied Derelicts emerged from ambush trap array 18101 | -6/Factory | Hacker 4d assimilated hostile W-25 Informer 18169 | -6/Factory | Cargo convoy interrupted 18229 | -6/Factory | Lost 12 allies 18239 | -6/Factory | Found Centrium Heavy Armor Plating 18245 | -6/Factory | Found PL-3XN's Ring of Power 18258 | -6/Factory | Found Centrium Heavy Armor Plating 18543 | -6/Factory | Spotted B-75 Beast 18554 | -6/Factory | Assimilated Beast 5a with formatsys_high 18666 | -6/Factory | Fabricated P-60 Hacker (x2) 18701 | -6/Factory | Fabricated P-60 Hacker (x2) 19267 | -6/Factory | P-60 Hacker assimilated allied Smith 5a 19339 | -6/Factory | First assault squad dispatched 19427 | -6/Factory | Hacker 5d assimilated hostile L-41 Fighter 19665 | -6/Factory | Identified exit to Garrison 19665 | -6/Factory | Entered Garrison 19665 | -6/Garrison | Accompanied by 4 allies 19689 | -6/Garrison | Lost 5 allies 19752 | -6/Garrison | Spotted B-75 Beast 19768 | -6/Garrison | Destroyed B-75 Beast 19806 | -6/Garrison | Triggered checkpoint 19831 | -6/Garrison | Triggered checkpoint 19905 | -6/Garrison | Expanded RIF knowledge: Command Fork 19925 | -6/Garrison | Triggered checkpoint 19987 | -6/Garrison | Triggered checkpoint 20056 | -6/Garrison | Garrison Relay disabled 20287 | -6/Garrison | Triggered checkpoint 20354 | -6/Garrison | Garrison Relay disabled 20401 | -6/Garrison | P-70 Sage assimilated allied Soldier 5c 20444 | -6/Garrison | Discovered new exit (range 13) 20673 | -6/Garrison | Triggered checkpoint 20745 | -6/Garrison | Discovered new exit (range 12) 20956 | -6/Garrison | Discovered new exit (range 10) 20967 | -6/Garrison | Triggered checkpoint 21026 | -6/Garrison | Garrison Relay disabled 21169 | -6/Garrison | Entered Factory 21169 | -6/Factory | Accompanied by 12 allies 21882 | -6/Factory | Garrison activated, responded to threat 21928 | -6/Factory | Fabricated P-60 Hacker? 21963 | -6/Factory | Learned location of 1 exit from Lower Caves 21964 | -6/Factory | Identified exit to Garrison 21971 | -6/Factory | Entered Garrison 21971 | -6/Garrison | Accompanied by 14 allies 22010 | -6/Garrison | Triggered checkpoint 22028 | -6/Garrison | Garrison Relay disabled 22177 | -6/Garrison | Triggered checkpoint 22179 | -6/Garrison | Triggered checkpoint 22224 | -6/Garrison | Triggered checkpoint 22270 | -6/Garrison | Triggered checkpoint 22293 | -6/Garrison | Garrison Relay disabled 22386 | -6/Garrison | Lost 4 allies 22432 | -6/Garrison | Found embedded Infiltrators 22453 | -6/Garrison | Discovered new exit (range 15) 22453 | -6/Garrison | Discovered new exit (range 97) 22453 | -6/Garrison | Discovered new exit (range 37) 22594 | -6/Garrison | Expanded RIF knowledge: Autooverride 22643 | -6/Garrison | Triggered checkpoint 22687 | -6/Garrison | Triggered checkpoint 22699 | -6/Garrison | Expanded RIF knowledge: Zone Cloak 22733 | -6/Garrison | Garrison Relay disabled 22759 | -6/Garrison | Garrison Relay disabled 22923 | -6/Garrison | Triggered checkpoint 22944 | -6/Garrison | Garrison Relay disabled 22992 | -6/Garrison | Spotted B-75 Beast 23004 | -6/Garrison | Hijacked Beast 5b control node with streamctrl_high 23023 | -6/Garrison | Found Relay Coupler [Proto] 23026 | -6/Garrison | Found Relay Coupler [Proto] 23032 | -6/Garrison | Found Relay Coupler [Proto] 23035 | -6/Garrison | Found Relay Coupler [Proto] 23606 | -6/Garrison | Entered Factory 23606 | -5/Factory | Accompanied by 16 allies 23606 | -5/Factory | Evolved 2 slots: Utility x2 23740 | -5/Factory | Lost 4 allies 24028 | -5/Factory | Discovered new exit (range 30) 24148 | -5/Factory | Identified exit to Upper Caves 24148 | -5/Factory | Identified exit to Extension 24206 | -5/Factory | Search patrols dispatched 24303 | -5/Factory | Lost 3 allies 24355 | -5/Factory | Garrison activated, responded to threat 24414 | -5/Factory | Lost 5 allies 24436 | -5/Factory | Sucked down chute 24436 | -5/Factory | Entered Waste 24448 | -5/Waste | Spotted C-40 Crusher 24451 | -5/Waste | EMP discharged 24453 | -5/Waste | Spotted C-40 Crusher 24470 | -5/Waste | Spotted C-40 Crusher 24501 | -5/Waste | 1 allies followed down the chute 24504 | -5/Waste | Spotted C-40 Crusher 24506 | -5/Waste | Allies destroyed C-40 Crusher 24517 | -5/Waste | Destroyed C-40 Crusher 24517 | -5/Waste | Spotted C-40 Crusher 24521 | -5/Waste | 4 allies followed down the chute 24535 | -5/Waste | Allies destroyed C-40 Crusher 24551 | -5/Waste | EMP discharged 24551 | -5/Waste | System corruption reached 10% 24563 | -5/Waste | Spotted C-40 Crusher 24591 | -5/Waste | Allies destroyed C-40 Crusher 24651 | -5/Waste | EMP discharged 24651 | -5/Waste | Discovered new exit (range 11) 24701 | -5/Waste | Entered Factory 24701 | -5/Factory | Accompanied by 4 allies 25246 | -5/Factory | Discovered new exit (range 9) 25481 | -5/Factory | Found Unknown Device 25481 | -5/Factory | Identified Launcher Loader 25788 | -5/Factory | Discovered new exit (range 7) 26016 | -5/Factory | Discovered exit to Upper Caves (range 4) 26127 | -5/Factory | Fabricated P-60 Hacker (x2) 26971 | -5/Factory | Discovered new exit (range 9) 27320 | -5/Factory | Lost 3 allies 27430 | -5/Factory | Allied Derelicts emerged from ambush trap array 27751 | -5/Factory | Entered Extension 27751 | -5/Extension | Accompanied by 1 ally 28086 | -5/Extension | Rescued A7 28109 | -5/Extension | Rescued a captive Derelict 28408 | -5/Extension | Spotted B-75 Beast 28419 | -5/Extension | Spotted B-75 Beast 28420 | -5/Extension | Allies destroyed B-75 Beast 28427 | -5/Extension | Assimilated Beast 6a with formatsys_high 28509 | -5/Extension | Rescued a captive Derelict 28762 | -5/Extension | Energy Cycler disabled 28881 | -5/Extension | Learned location of Warlord (-4) 28983 | -5/Extension | Discovered new exit (range 31) 29008 | -5/Extension | Learned Armory stockpile data 29055 | -5/Extension | Learned location of Armory (-4) 29094 | -5/Extension | Learned Testing trap positions 29144 | -5/Extension | Learned 2 Upper Caves zone layouts 29174 | -5/Extension | Discovered new exit (range 10) 29175 | -5/Extension | Discovered new exit (range 6) 29203 | -5/Extension | Learned location of Proximity Caves (-5) 29227 | -5/Extension | Entered Cetus 29227 | -5/Cetus | Accompanied by 13 allies (A7) 29232 | -5/Cetus | Acquired a Cetus Manufacturing Module code from A7 29258 | -5/Cetus | Spotted Cetus Guard 29262 | -5/Cetus | Spotted Cetus Guard 29266 | -5/Cetus | Spotted Cetus Guard 29266 | -5/Cetus | Spotted Cetus Guard 29268 | -5/Cetus | Allies destroyed Cetus Guard 29277 | -5/Cetus | Allies destroyed Cetus Guard 29279 | -5/Cetus | Allies destroyed Cetus Guard 29281 | -5/Cetus | Destroyed Cetus Guard 29352 | -5/Cetus | Started Cetus Manufacturing Module 29377 | -5/Cetus | Manufactured an Enhanced Grunt 29379 | -5/Cetus | Escorted A7 to Cetus Mainframe 29399 | -5/Cetus | Discovered new exit (range 15) 29402 | -5/Cetus | Manufactured an Enhanced Grunt 29420 | -5/Cetus | Discovered new exit (range 27) 29427 | -5/Cetus | Manufactured an Enhanced Grunt 29439 | -5/Cetus | Spotted Cetus Guard 29439 | -5/Cetus | Spotted Cetus Guard 29440 | -5/Cetus | Spotted Cetus Guard 29440 | -5/Cetus | Spotted Cetus Guard 29449 | -5/Cetus | Allies destroyed Cetus Guard 29452 | -5/Cetus | Manufactured an Enhanced Grunt 29453 | -5/Cetus | Allies destroyed Cetus Guard 29458 | -5/Cetus | Allies destroyed Cetus Guard 29461 | -5/Cetus | Allies destroyed Cetus Guard 29472 | -5/Cetus | Met Revision 17 29477 | -5/Cetus | Manufactured an Enhanced Grunt 29490 | -5/Cetus | Lost 4 allies 29546 | -5/Cetus | Murdered A7 29547 | -5/Cetus | Extracted ID and sensor layout for unrecognized location from A7's data core 29591 | -5/Cetus | Entered Archives 29591 | -5/Archives | Accompanied by 11 allies 29667 | -5/Archives | Discovered new exit (range 15) 29710 | -5/Archives | Discovered new exit (range 16) 29812 | -5/Archives | Discovered new exit (range 16) 30817 | -5/Archives | Entered Hub_04(d) 30817 | -5/Hub_04(d) | Accompanied by 9 allies 30818 | -5/Hub_04(d) | Loaded intel: 15 terminal locations 30908 | -5/Hub_04(d) | Discovered new exit (range 27) 31250 | -5/Hub_04(d) | Discovered new exit (range 14) 31466 | -5/Hub_04(d) | Discovered new exit (range 7) 31699 | -5/Hub_04(d) | Discovered new exit (range 3) 31752 | -5/Hub_04(d) | Learned location of 1 exit from Upper Caves 31831 | -5/Hub_04(d) | Identified exit to Garrison 31844 | -5/Hub_04(d) | Spotted B-75 Beast 31877 | -5/Hub_04(d) | Learned Armory security intel 31924 | -5/Hub_04(d) | Learned location of Cetus (-5) 31960 | -5/Hub_04(d) | Learned Testing scanalyzer intel 32000 | -5/Hub_04(d) | Identified exit to Factory 32020 | -5/Hub_04(d) | Learned Quarantine interactive machine intel 32066 | -5/Hub_04(d) | Learned Factory emergency access door positions 32096 | -5/Hub_04(d) | Network Hub disabled 32122 | -5/Hub_04(d) | Learned Factory security intel 32127 | -5/Hub_04(d) | Spotted Lightning 32130 | -5/Hub_04(d) | Spotted Lightning 32130 | -5/Hub_04(d) | Spotted Lightning 32188 | -5/Hub_04(d) | Spotted Lightning 32189 | -5/Hub_04(d) | Network Hub disabled 32192 | -5/Hub_04(d) | Spotted Lightning 32215 | -5/Hub_04(d) | Entered Garrison 32275 | -5/Garrison | Triggered checkpoint 32308 | -5/Garrison | Garrison Relay disabled 32493 | -5/Garrison | Triggered checkpoint 32500 | -5/Garrison | Triggered checkpoint 32625 | -5/Garrison | Triggered checkpoint 32649 | -5/Garrison | Garrison Relay disabled 32817 | -5/Garrison | Core integrity fell below 50% 32843 | -5/Garrison | Lost 4 allies 32890 | -5/Garrison | Triggered checkpoint 33021 | -5/Garrison | Lost 3 allies 33028 | -5/Garrison | Expanded RIF knowledge: Command Fork 33055 | -5/Garrison | Discovered exit to Factory (range 14) 33121 | -5/Garrison | Triggered checkpoint 33161 | -5/Garrison | Garrison Relay disabled 33414 | -5/Garrison | Rewired Striker 33422 | -5/Garrison | Rewired Executioner 33460 | -5/Garrison | Garrison Relay disabled 33511 | -5/Garrison | Spotted B-86 Titan 33549 | -5/Garrison | Triggered checkpoint 33571 | -5/Garrison | Found Exp. Core Analyzer 33577 | -5/Garrison | Spotted B-86 Titan 33596 | -5/Garrison | Allies destroyed B-86 Titan 33622 | -5/Garrison | Garrison Relay disabled 34064 | -5/Garrison | Entered Factory 34064 | -4/Factory | Accompanied by 5 allies 34064 | -4/Factory | Evolved 2 slots: Power x1, Weapon x1 34358 | -4/Factory | Build established: Botlord-Tank 34451 | -4/Factory | Identified exit to Upper Caves 34451 | -4/Factory | Identified exit to Armory 34592 | -4/Factory | Repaired Adv. Cooling System? 34653 | -4/Factory | Fabricated P-60 Hacker? 34691 | -4/Factory | Garrison activated, responded to threat 34705 | -4/Factory | Repaired Broken Imp. Remote Datajack 34747 | -4/Factory | Lost 4 allies 34814 | -4/Factory | First assault squad dispatched 34947 | -4/Factory | Lost 3 allies 35209 | -4/Factory | Discovered new exit (range 32) 35406 | -4/Factory | Fabricated P-60 Hacker? 35427 | -4/Factory | Spotted B-86 Titan 35433 | -4/Factory | Assimilated Titan 7a with formatsys_high 35566 | -4/Factory | Fabricated P-60 Hacker? 35580 | -4/Factory | Hacker 7d assimilated hostile G-67 Veteran 35829 | -4/Factory | Hacker 7d assimilated hostile G-67 Veteran 35921 | -4/Factory | Lost 4 allies 35923 | -4/Factory | Entered Armory 35923 | -4/Armory | Accompanied by 5 allies 36131 | -4/Armory | Fabricated Adv. Hacking Suite (x1) 36164 | -4/Armory | Fabricated Imp. Utility Shielding (x2) 36309 | -4/Armory | P-70 Sage assimilated allied G-67 Veteran 36625 | -4/Armory | Assisted by bots powering up and referring to "LRC-V3" 36744 | -4/Armory | Build established: Botlord-Gunner 36923 | -4/Armory | Lost 4 allies 36997 | -4/Armory | Lost 3 allies 37118 | -4/Armory | Discovered new exit (range 20) 37206 | -4/Armory | Lost 4 parts (1u3w) 37232 | -4/Armory | Destroyed 11 combat bots 37290 | -4/Armory | Found Fusion Bomb Launcher 37301 | -4/Armory | Spotted B-86 Titan 37331 | -4/Armory | Assimilated Titan 7b with formatsys_high 38031 | -4/Armory | Discovered new exit (range 8) 38198 | -4/Armory | Learned Armory stockpile data 38331 | -4/Armory | Learned 8 Factory zone layouts 38383 | -4/Armory | Learned Research fabricator intel 38424 | -4/Armory | Identified exit to Lab 38455 | -4/Armory | Fabricated P-60 Hacker? 38504 | -4/Armory | Repaired Cold Fusion Reactor? 38534 | -4/Armory | Learned Factory recycling unit intel 38604 | -4/Armory | Learned 4 Quarantine zone layouts 38648 | -4/Armory | Spotted Armor Guard 38648 | -4/Armory | Spotted Armor Guard 38657 | -4/Armory | Allies destroyed Armor Guard 38670 | -4/Armory | Spotted Armor Guard 38670 | -4/Armory | Spotted Armor Guard 38672 | -4/Armory | Assimilated Armor Guard with formatsys_high 38672 | -4/Armory | Assimilated Armor Guard with formatsys_high 38693 | -4/Armory | Destroyed Armor Guard 38703 | -4/Armory | Breached Obliterator storage 38746 | -4/Armory | Found Disassembled Obliterator 38754 | -4/Armory | Found PL-3XN's Ring of Power 38909 | -4/Armory | Found Prototype Device 38909 | -4/Armory | Identified Adv. EM Disruption Field 38923 | -4/Armory | First assault squad dispatched 39230 | -4/Armory | Entered Lab 39230 | -4/Lab | Accompanied by 3 allies 39231 | -4/Lab | Identified exit to Research 39248 | -4/Lab | Hidden lab's door opened automatically 39248 | -4/Lab | Sensor layout match revealed 39249 | -4/Lab | Gained access to the hidden lab's interior 39361 | -4/Lab | Found Prototype Special Weapon 39361 | -4/Lab | Identified Gui. Remote Datajack 39388 | -4/Lab | Found Prototype Energy Cannon 39388 | -4/Lab | Identified Warp Cannon 39393 | -4/Lab | Found Warp Cannon 39397 | -4/Lab | Found Prototype Protection 39399 | -4/Lab | Identified Exp. Powered Armor 39565 | -4/Lab | Found Alien Artifact 39565 | -4/Lab | Identified Integrated Mediator 39565 | -4/Lab | Installed Integrated Mediator, increased core attachment efficiency 39583 | -4/Lab | Found Alien Artifact 39662 | -4/Lab | Build established: Botlord-Mutant 39697 | -4/Lab | Found Alien Artifact 39777 | -4/Lab | Unable to decrypt terminal 39997 | -4/Lab | Found Prototype Hackware 40069 | -4/Lab | Unable to decrypt terminal 40085 | -4/Lab | Found Alien Artifact 40207 | -4/Lab | Entered Research 40207 | -3/Research | Accompanied by 3 allies 40207 | -3/Research | Evolved 2 slots: Propulsion x1, Utility x1 40208 | -3/Research | Identified exit to Research 40209 | -3/Research | Loaded intel: 4 fabricator locations 40407 | -3/Research | Revision forces began assault on 0b10 40446 | -3/Research | Met up with Revision 17++ 40486 | -3/Research | Build established: Botlord-Skirmisher 40602 | -3/Research | Spotted B-86 Titan 40907 | -3/Research | Research terminal network offline 41045 | -3/Research | Spotted Striker 41107 | -3/Research | Spotted Striker 41109 | -3/Research | Spotted Striker 41115 | -3/Research | Destroyed Striker 41117 | -3/Research | Destroyed Striker 41123 | -3/Research | Lost 6 allies 41330 | -3/Research | Lost 3 parts (1p1u1w) 41571 | -3/Research | Build established: Botlord-Tank 41854 | -3/Research | Identified Core Expander 41854 | -3/Research | Identified Core Reset Matrix 41854 | -3/Research | Identified Transdimensional Reconstructor 41854 | -3/Research | Identified Deep Network Scanner 41854 | -3/Research | Installed Core Expander, added new Weapon slot 41866 | -3/Research | Spotted Striker 41883 | -3/Research | Spotted Striker 41946 | -3/Research | Discovered exit to Research (range 11) 41989 | -3/Research | Spotted Striker 41993 | -3/Research | Destroyed Striker 42190 | -3/Research | Spotted Striker 42478 | -3/Research | Spotted Executioner 42478 | -3/Research | Spotted Striker 42627 | -3/Research | Found Prototype Device 42701 | -3/Research | Discovered new exit (range 4) 42708 | -3/Research | Identified exit to Testing 42762 | -3/Research | Spotted Striker 42781 | -3/Research | Rewired Striker 42816 | -3/Research | Lost 3 parts (1n2u) 42846 | -3/Research | Spotted Striker 42862 | -3/Research | Identified System Purifier 42892 | -3/Research | Spotted Striker 42911 | -3/Research | Entered Testing 42911 | -3/Testing | Accompanied by 1 ally 42912 | -3/Testing | Loaded intel: 21 trap records 42913 | -3/Testing | Loaded intel: 3 scanalyzer locations 43084 | -3/Testing | Found Prototype Device 43085 | -3/Testing | Identified Exp. Hardlight Generator 43400 | -3/Testing | Build established: Botlord-Skirmisher 43416 | -3/Testing | Repaired Arm. Medium Treads 43733 | -3/Testing | Found Prototype Processor 43740 | -3/Testing | Identified Exp. Signal Interpreter 43790 | -3/Testing | Found Prototype Energy Gun 43790 | -3/Testing | Identified Tachyon Dispersion Ray 43900 | -3/Testing | Scanned by Researcher 43986 | -3/Testing | Found Prototype Ballistic Cannon 44001 | -3/Testing | Identified Omega Cannon 44027 | -3/Testing | Found Prototype Launcher 44027 | -3/Testing | Identified Z-bomb Delivery System 44120 | -3/Testing | Found Prototype Processor 44130 | -3/Testing | Identified Spectral Analyzer 44212 | -3/Testing | Discovered exit to Research (range 3) 44229 | -3/Testing | Found Prototype Processor 44235 | -3/Testing | Identified Exp. Melee Analysis Suite 44302 | -3/Testing | Spotted PX-GMEXERNTSV 44310 | -3/Testing | Rewired PX-GMEXERNTSV 44455 | -3/Testing | Found Prototype Protection 44455 | -3/Testing | Identified Lgt. Regenerative Plating 44459 | -3/Testing | Found Prototype Protection 44467 | -3/Testing | Found Prototype Protection 44534 | -3/Testing | Identified exit to Garrison 44536 | -3/Testing | Entered Garrison 44536 | -3/Garrison | Accompanied by 1 ally 44588 | -3/Garrison | Learned Research security intel 44588 | -3/Garrison | Discovered exit to Research (range 65) 44588 | -3/Garrison | Discovered exit to Research (range 70) 44588 | -3/Garrison | Discovered exit to Research (range 82) 44639 | -3/Garrison | Triggered checkpoint 44687 | -3/Garrison | Garrison Relay disabled 44821 | -3/Garrison | Spotted B-86 Titan 44824 | -3/Garrison | Rewired B-75 Beast 44827 | -3/Garrison | Rewired B-75 Beast 44834 | -3/Garrison | Destroyed B-86 Titan 44971 | -3/Garrison | Build established: Botlord-Tank 44986 | -3/Garrison | Triggered checkpoint 44994 | -3/Garrison | Spotted B-86 Titan 45000 | -3/Garrison | Triggered checkpoint 45008 | -3/Garrison | Triggered checkpoint 45010 | -3/Garrison | Allies destroyed B-86 Titan 45053 | -3/Garrison | Destroyed 7 combat bots 45065 | -3/Garrison | Lost 4 allies 45112 | -3/Garrison | Triggered checkpoint 45128 | -3/Garrison | Garrison Relay disabled 45206 | -3/Garrison | Expanded RIF knowledge: Patrol Navigation 45267 | -3/Garrison | Found Relay Coupler [Proto] 45275 | -3/Garrison | Found Relay Coupler [Proto] 45278 | -3/Garrison | Found Relay Coupler [Proto] 45281 | -3/Garrison | Found Relay Coupler [Proto] 45408 | -3/Garrison | Garrison Relay disabled 45542 | -3/Garrison | Garrison Relay disabled 45574 | -3/Garrison | Triggered checkpoint 45620 | -3/Garrison | Entered Research 45620 | -2/Research | Accompanied by 4 allies 45620 | -2/Research | Evolved 2 slots: Propulsion x1, Utility x1 45650 | -2/Research | Identified SHELL Armor 45719 | -2/Research | Found Fusion Bomb Launcher 45861 | -2/Research | Identified exit to Quarantine 45926 | -2/Research | Build established: Botlord-Skirmisher 46156 | -2/Research | Lost 5 allies 46171 | -2/Research | Found Prototype Energy Gun 46171 | -2/Research | Identified Enh. Gamma Rifle 46180 | -2/Research | Found Prototype Device 46180 | -2/Research | Identified Exp. Shock Absorption System 46340 | -2/Research | Repaired Centrium Medium Armor Plating? 46376 | -2/Research | Cargo convoy interrupted 46394 | -2/Research | Repaired Arm. Heavy Treads 46581 | -2/Research | Destroyed 8 combat bots 46803 | -2/Research | Entered Quarantine 46805 | -2/Quarantine | Loaded intel: 23 interactive machine locations 46824 | -2/Quarantine | Found Alien Artifact 46826 | -2/Quarantine | Identified Subatomic Replicator 46826 | -2/Quarantine | Used Subatomic Replicator to replicate PL-3XN's Ring of Power 46832 | -2/Quarantine | Assembled PL-3XN's Obliterator 47005 | -2/Quarantine | Repaired Adv. Coolant Injector 47062 | -2/Quarantine | Repaired Prc. Phase Gun 47246 | -2/Quarantine | Found Alien Slashing Weapon 47249 | -2/Quarantine | Identified Sigix Broadsword 47531 | -2/Quarantine | P-80 Master assimilated allied Expert 9a 47541 | -2/Quarantine | Warped through subspace 47564 | -2/Quarantine | Build established: Botlord-Assassin 47586 | -2/Quarantine | Found Alien Artifact 47594 | -2/Quarantine | Found Alien Artifact 47608 | -2/Quarantine | Identified Dimensional Node Initializer 47608 | -2/Quarantine | Initialized slip node 47619 | -2/Quarantine | Found Dimensional Node Initializer 47631 | -2/Quarantine | Found Transdimensional Reconstructor 47634 | -2/Quarantine | Found Transdimensional Reconstructor 48039 | -2/Quarantine | Repaired Hvy. Treads 48102 | -2/Quarantine | Learned Access trap positions 48102 | -2/Quarantine | Repaired Arm. Medium Treads? 48180 | -2/Quarantine | Learned 4 Access zone layouts 48214 | -2/Quarantine | Repaired Biometal Medium Treads 48246 | -2/Quarantine | Identified exit to Access 48264 | -2/Quarantine | Assimilated Fortress with formatsys_high 48304 | -2/Quarantine | Learned Section 7 garrison access intel 48350 | -2/Quarantine | Identified exit to Section 7 48384 | -2/Quarantine | Learned Section 7 machine intel 48410 | -2/Quarantine | Learned 8 Access zone layouts 48446 | -2/Quarantine | Learned Access trap positions 48494 | -2/Quarantine | Learned Access fabricator intel 48554 | -2/Quarantine | Learned Section 7 terminal intel 48556 | -2/Quarantine | Entered Section 7 48556 | -2/Section 7 | Accompanied by 1 ally 48557 | -2/Section 7 | Loaded intel: 152 machine locations 48558 | -2/Section 7 | Loaded intel: 22 terminal locations 48559 | -2/Section 7 | Loaded intel: 1 garrison access location 48643 | -2/Section 7 | Repaired Centrium Medium Armor Plating? 48643 | -2/Section 7 | Found Alien Artifact 48818 | -2/Section 7 | Spotted B-90 Cyclops 48883 | -2/Section 7 | Identified Spacefold Activator 49081 | -2/Section 7 | Repaired Adv. Energy Well 49088 | -2/Section 7 | Identified Hpw. Transdimensional Reconstructor 49175 | -2/Section 7 | Initialized slip node 49229 | -2/Section 7 | Destroyed B-90 Cyclops 49246 | -2/Section 7 | Found Vortex Chain Reactor 49303 | -2/Section 7 | Repaired Adv. Force Field? 49445 | -2/Section 7 | Found Integrity Redistributor 49810 | -2/Section 7 | Learned Access interactive machine intel 49822 | -2/Section 7 | Spotted Executioner 49823 | -2/Section 7 | Spotted Executioner 49876 | -2/Section 7 | Destroyed Executioner 49894 | -2/Section 7 | Destroyed Executioner 49907 | -2/Section 7 | Found Corrupted Adv. Kinecellerator 49952 | -2/Section 7 | Learned 4 Research zone layouts 50008 | -2/Section 7 | Learned location of Quarantine (-2) 50030 | -2/Section 7 | Spotted B-99 Colossus 50148 | -2/Section 7 | Learned Research stockpile data 50193 | -2/Section 7 | Learned location of 1 exit from Research 50211 | -2/Section 7 | Found Alien Artifact 50211 | -2/Section 7 | Identified LRC Storage 50211 | -2/Section 7 | Installed LRC Storage, increased inventory capacity (+2) 50248 | -2/Section 7 | Learned 4 Research zone layouts 50370 | -2/Section 7 | Build established: Botlord-Mutant 50461 | -2/Section 7 | Found Transdimensional Reconstructor 50465 | -2/Section 7 | Found Transdimensional Reconstructor 50631 | -2/Section 7 | Found Prototype Ballistic Gun 50632 | -2/Section 7 | Identified Multirail 50646 | -2/Section 7 | Warped through subspace to slip node 50648 | -2/Section 7 | Found Multirail 50774 | -2/Section 7 | Found Microwarp Drive 50951 | -2/Section 7 | Spotted Alpha 7 50955 | -2/Section 7 | Spotted Alpha 7 50971 | -2/Section 7 | Identified exit to Garrison 50971 | -2/Section 7 | Entered Garrison 50971 | -2/Garrison | Accompanied by 1 ally 50992 | -2/Garrison | Expanded RIF knowledge: Program Shield 51061 | -2/Garrison | Triggered checkpoint 51090 | -2/Garrison | Discovered exit to Access (range 69) 51090 | -2/Garrison | Discovered exit to Access (range 42) 51090 | -2/Garrison | Discovered exit to Access (range 69) 51097 | -2/Garrison | Garrison Relay disabled 51148 | -2/Garrison | Garrison Relay disabled 51300 | -2/Garrison | Garrison Relay disabled 51343 | -2/Garrison | Rescued a captive Derelict 51387 | -2/Garrison | Triggered checkpoint 51388 | -2/Garrison | Triggered checkpoint 51395 | -2/Garrison | Spotted B-90 Cyclops 51403 | -2/Garrison | Allies destroyed B-90 Cyclops 51445 | -2/Garrison | Lost 9 allies 51572 | -2/Garrison | Heavy support dispatched to Access 51641 | -2/Garrison | Triggered checkpoint 51725 | -2/Garrison | Heavy support dispatched to Access 51730 | -2/Garrison | H-XX Assembler disabled 51760 | -2/Garrison | Garrison Relay disabled 51858 | -2/Garrison | Spotted B-90 Cyclops 51876 | -2/Garrison | Destroyed B-90 Cyclops 51884 | -2/Garrison | System corruption reached 10% 51902 | -2/Garrison | Found Relay Coupler [Proto] 51916 | -2/Garrison | Used Integrity Redistributor, redistributed integrity from core (-465) 51917 | -2/Garrison | Core integrity fell below 50% 51928 | -2/Garrison | Found Relay Coupler [Proto] 51932 | -2/Garrison | Found Relay Coupler [Proto] 51935 | -2/Garrison | Found Relay Coupler [Proto] 52127 | -2/Garrison | Garrison Relay disabled 52178 | -2/Garrison | Spotted B-86 Titan 52194 | -2/Garrison | Spotted Executioner 52220 | -2/Garrison | Destroyed Executioner 52236 | -2/Garrison | Rewired Executioner 52243 | -2/Garrison | Rewired Executioner 52283 | -2/Garrison | Entered Access 52283 | -1/Access | Accompanied by 2 allies 52283 | -1/Access | Evolved 2 slots: Power x1, Utility x1 52285 | -1/Access | Loaded intel: 77 trap records 52286 | -1/Access | Loaded intel: 43 interactive machine locations 52287 | -1/Access | Loaded intel: 4 fabricator locations 52474 | -1/Access | Fabricated Imp. Utility Shielding (x2) 52762 | -1/Access | Lost 3 allies 52819 | -1/Access | Lost 3 allies 53033 | -1/Access | First assault squad dispatched 53055 | -1/Access | Identified exit to Surface 53201 | -1/Access | Found Gamma Bomb Array 53301 | -1/Access | Discovered new exit (range 8) 53647 | -1/Access | Entered Command 53647 | -1/Command | Accompanied by 5 allies 54240 | -1/Command | Spotted M Guard 54240 | -1/Command | Spotted Combat Programmer 54241 | -1/Command | Spotted M Guard 54241 | -1/Command | Spotted Combat Programmer 54276 | -1/Command | Assimilated M Guard with formatsys_high 54276 | -1/Command | Assimilated M Guard with formatsys_high 54289 | -1/Command | Assimilated Combat Programmer with formatsys_high 54582 | -1/Command | Build established: Botlord-Tank 54641 | -1/Command | Combat Programmer assimilated hostile G-73 Enforcer 54892 | -1/Command | Spotted Alpha 7 54896 | -1/Command | Spotted Executioner 54896 | -1/Command | Spotted B-99 Colossus 54896 | -1/Command | Spotted Striker 54896 | -1/Command | Spotted Executioner 54898 | -1/Command | Spotted Executioner 54898 | -1/Command | Spotted Executioner 54898 | -1/Command | Spotted B-99 Colossus 54898 | -1/Command | Spotted Striker 54899 | -1/Command | Spotted Alpha 7 54900 | -1/Command | Assimilated Executioner with formatsys_high 54900 | -1/Command | Assimilated Executioner with formatsys_high 54900 | -1/Command | Allies destroyed Executioner 54905 | -1/Command | Allies destroyed Alpha 7 54920 | -1/Command | Allies destroyed Executioner 54928 | -1/Command | Assimilated Striker with formatsys_high 54928 | -1/Command | Assimilated Alpha 7 with formatsys_high 54942 | -1/Command | Destroyed B-99 Colossus 54959 | -1/Command | Allies destroyed B-99 Colossus 54962 | -1/Command | Lost 4 allies 54977 | -1/Command | Found Adv. Kinecellerator 55006 | -1/Command | Found Corrupted Adv. Kinecellerator 55013 | -1/Command | Found Exp. Targeting Computer 55536 | -1/Command | Met MAIN.C 55541 | -1/Command | 0b10 Conduit disabled 55565 | -1/Command | Destroyed MAIN.C Shell 55568 | -1/Command | MAIN.C activated Command garrisons 55615 | -1/Command | Lost 4 allies 55633 | -1/Command | Destroyed MAIN.C 55641 | -1/Command | All MAIN.C guards destroyed 55656 | -1/Command | Lost 3 parts (2p1u) 55668 | -1/Command | Discovered exit to Surface (range 28) 55668 | -1/Command | Discovered exit to Surface (range 117) 55668 | -1/Command | Extracted map data and part IDs from MAIN.C's data core 55754 | -1/Command | Build established: Scavenger-Gunner 55815 | -1/Command | Destroyed 12 combat bots 55823 | -1/Command | Found Zero-point Reactor 55981 | -1/Command | Phase Generator disabled 56146 | -1/Command | Found Exp. System Purifier 56167 | -1/Command | Found Zero-point Reactor 56172 | -1/Command | Found Zero-point Reactor 56214 | -1/Command | Found Hvy. Regenerative Plating 57144 | -1/Command | Found Exp. Force Field 57147 | -1/Command | Found Exp. Force Field 57904 | -1/Command | Found Exp. Force Field 58606 | -1/Command | Warped through subspace to slip node 58606 | -1/Command | Discovered new exit (range 4) 58614 | -1/Command | Entered Access_0 58615 | -1/Access_0 | Architect warped through subspace 58622 | -1/Access_0 | Destroyed A8 58687 | -1/Access_0 | Architect warped through subspace 58728 | -1/Access_0 | Found Prototype Hackware 58728 | -1/Access_0 | Identified Architect God Chip D 58737 | -1/Access_0 | Architect warped through subspace 58755 | -1/Access_0 | Found Prototype Hackware 58755 | -1/Access_0 | Identified Architect God Chip A 58826 | -1/Access_0 | Architect warped through subspace 58832 | -1/Access_0 | Found Exp. Weapon Cycler 58858 | -1/Access_0 | Architect warped through subspace 58913 | -1/Access_0 | Architect warped through subspace 58984 | -1/Access_0 | Found Prototype Device 58985 | -1/Access_0 | Identified Desublimator 59001 | -1/Access_0 | Found Exp. Powered Armor 59010 | -1/Access_0 | Architect warped through subspace 59039 | -1/Access_0 | Architect warped through subspace 59047 | -1/Access_0 | Subspace Access Node disabled 59078 | -1/Access_0 | Architect warped through subspace 59113 | -1/Access_0 | Architect warped through subspace 59142 | -1/Access_0 | Architect warped through subspace 59207 | -1/Access_0 | Subspace Access Node disabled 59219 | -1/Access_0 | Architect warped through subspace 59263 | -1/Access_0 | Architect warped through subspace 59282 | -1/Access_0 | Architect warped through subspace 59298 | -1/Access_0 | A6 warped into view 59309 | -1/Access_0 | Destroyed A6 59318 | -1/Access_0 | Architect warped through subspace 59340 | -1/Access_0 | Subspace Access Node disabled 59348 | -1/Access_0 | Architect warped through subspace 59358 | -1/Access_0 | Found Alien Energy Gun 59359 | -1/Access_0 | Identified Modified Sigix Sheargun 59391 | -1/Access_0 | Architect warped through subspace 59395 | -1/Access_0 | Found Prototype Protection 59396 | -1/Access_0 | Identified Centrium Linked Plating 59408 | -1/Access_0 | Core integrity fell below 50% 59412 | -1/Access_0 | Subspace Access Node disabled 59439 | -1/Access_0 | Destroyed Architect 59440 | -1/Access_0 | Architect triggered a singularity event 59441 | -1/Access_0 | Warped through subspace to slip node 59445 | *** | Escaped singularity! Last Messages --------------- 59430_ Quantum Shear penetrates Architect. 59433_ Architect knocked back. 59433_ Penetrated by Quantum Shear. 59435_ Quantum Shear penetrates Architect. 59435_ Architect knocked back. 59437_ Quantum Shear penetrates Architect. 59437_ Architect knocked back. 59438_ Architect regenerates Architect God Chip D. 59438_ Penetrated by Quantum Shear. 59439_ Quantum Shear penetrates Architect. 59439_ Architect: "If I can't win, no one wins!" 59439_ Architect destroyed. 59440_ A0_COM: Initiating irreversible singularity event. Goodbye. 59441_ A0_COM: 10. 59441_ Warped through subspace, drawn to slip node. 59442_ A0_COM: 9. 59443_ A0_COM: 8. 59444_ A0_COM: 7. 59444_ Microwarped (distance 8). 59445_ A0_COM: 6. Map ----- +----------------------------------------------------+ | | | | | | | | | | | | | | | | | | | | | | | | | | | | | | | | | ?????????????????????????????????????????????????? | | ?????????????????????????????????????????????????? | | ?????????????????????????????????????????????????? | | ?????????????????????????????????????????????????? | | ?????????????????????????????????????????????????? | | ?????????????????????????????????????????????????? | | ????????????????????????###??????????????????????? | | ???????????????????????## ##?????????????????????? | | ???????????????????????# #?????????????????????? | | ???????????????????????# @ #?????????????????????? | | ???????????????????????# #?????????????????????? | | ??????????????????????# #?????????????????????? | | ??????????????????????# ##?????????????????????? | | ??????????????????????## #?????????????????????? | | ??????????????????????# #?????????????????????? | | ??????????????????????# ##?????????????????????? | | ??????????????????????# < #?????????????????????? | | ??????????????????????# ##?????????????????????? | | ??????????????????????## #??????????????????????? | | ???????????????????????####??????????????????????? | | ?????????????????????????????????????????????????? | | ?????????????????????????????????????????????????? | | ?????????????????????????????????????????????????? | | ?????????????????????????????????????????????????? | | ?????????????????????????????????????????????????? | | ?????????????????????????????????????????????????? | | ?????????????????????????????????????????????????? | | ?????????????????????????????????????????????????? | | ?????????????????????????????????????????????????? | | ?????????????????????????????????????????????????? | | ?????????????????????????????????????????????????? | | ?????????????????????????????????????????????????? | | ?????????????????????????????????????????????????? | | ?????????????????????????????????????????????????? | +----------------------------------------------------+ Best States ------------- Heat Dissipation 142 Coolant Potential 100 Energy Generation 85 Energy Capacity 1020 Matter Stores 300 Matter Capacity 700 Sight Range 23 Terrain Scan Range 24 Terrain Scan Density 210 Corruption Containment 12 Armor Coverage 2000 Resistance: EM 50 Utility Shielding 66 Weapon Cycling 30 Evasion (%) 40 Targeting Accuracy 20 Melee Accuracy 5 Core Analysis 8 Recoil Reduction 6 Matter Filtering 50 Kinecelleration 50 Offensive Hacking 39 Defensive Hacking 100 Relay Coupler Types 6 Relay Coupler Value 218 Authchip Count 3 Item Schematics ----------------- Exp. Sensor Array | -8/Materials | Scanalyzed Imp. Utility Shielding | -7/Factory | Scanalyzed Cld. Fission Core | -5/Factory | Scanalyzed Imp. Hacking Suite | -5/Factory | Scanalyzed Adv. Hacking Suite | -5/Hub_04(d) | Hacked Centrium Heavy Armor Plating | -4/Factory | Scanalyzed HERF Cannon | -4/Armory | Hacked Adv. Force Field | -2/Research | Scanalyzed Lrn. Tractor Beam | -2/Quarantine | Scanalyzed Zero-point Reactor | -2/Quarantine | Hacked Helical Railgun | -2/Quarantine | Archive Hvy. Neutron Cannon | -2/Quarantine | Archive Exp. Matter Compressor | -2/Quarantine | Archive Hvy. Gatling Laser | -2/Quarantine | Archive Biometal Heavy Treads | -2/Quarantine | Hacked Cld. Proton Cannon | -2/Section 7 | Archive Exp. Transmission Jammer | -2/Section 7 | Archive Nanosword | -2/Section 7 | Archive Hvy. Dispersion Rifle | -2/Section 7 | Archive Tiamat Missile Launcher | -2/Section 7 | Archive Exp. Cooling System | -2/Section 7 | Archive Energy Mantle | -2/Section 7 | Archive Ionic Axe | -2/Garrison | Archive Robot Schematics ------------------ H-55 Commando | -7/Factory | Hacked P-60 Hacker | -7/Factory | Hacked I-36 Angel | -6/Factory | Hacked B-60 Warrior | -3/Testing | Archive L-61 Swordsman | -3/Testing | Archive A-02 Transporter | -2/Section 7 | Archive A-27 Freighter | -2/Section 7 | Archive O-32 Director | -2/Section 7 | Archive R-10 Processor | -2/Garrison | Archive Fabricated ------------ H-55 Commando | x2 | -7/Factory | Authchip P-60 Hacker | x2 | -7/Factory | Authchip P-60 Hacker | x2 | -7/Factory P-60 Hacker | x2 | -6/Factory | Authchip P-60 Hacker | x2 | -6/Factory | Authchip P-60 Hacker | x2 | -6/Factory P-60 Hacker | x2 | -5/Factory | Authchip P-60 Hacker | x2 | -4/Factory | Authchip P-60 Hacker | x2 | -4/Factory | Authchip P-60 Hacker | x2 | -4/Factory Adv. Hacking Suite | x1 | -4/Armory | Authchip Imp. Utility Shielding | x2 | -4/Armory | Authchip P-60 Hacker | x2 | -4/Armory Imp. Utility Shielding | x2 | -1/Access Alien Tech Used ----------------- Integrated Mediator Core Expander Subatomic Replicator Sigix Broadsword Transdimensional Reconstructor Dimensional Node Initializer Spacefold Activator LRC Storage Integrity Redistributor Microwarp Drive Modified Sigix Sheargun High-powered Transdimensional Reconstructor Achievements -------------- None Challenges ------------ None Game ------ Seed SkeletonOpticalShredder Manual? 0 Play Time 15:06:16 Cumulative 787.5 hours Start 2024.08.22 @ 01:42:56 End 2024.08.23 @ 18:18:24 Sessions 15 Manual Loads 0 Difficulty Rogue Special Mode None Game No. 154 Rogue 154 Adventurer 0 Explorer 0 Win Type 6 Total 46 Types 22/4/6/1/2/1/6/2/2 Lore% 81 Gallery% 92 Achievement% 91 Wizard Run 0 Options --------- Layout 0 ASCII 0 Keyboard 0 Movement Numpad Keybinds 0 Fullscreen 1 Font 14/SmallcapsGlow Map View 84x54 Zoom Use 0% Tactical HUD 1 Map Filters NONE Filters NONE Steam 1 RUN: 5ea2bb5f-003b-4580-ad41-a2213780e530